 Dungeon Crawl Stone Soup version 0.31-a0-177-g4aa6249778 (webtiles) character file.

Game seed: 4095640012966365482

599128 qw the Slayer (level 26, -5/190 HPs)
             Began as a Gargoyle Fighter on June 18, 2023.
             Was the Champion of the Shining One.
             Slain by a titan (31 damage)
             ... created by the fury of Okawaru
             ... on level 3 of the Crypt.
             The game lasted 00:42:02 (56927 turns).

qw the Slayer (Gargoyle Fighter)                   Turns: 56927, Time: 00:42:03

Health: -5/190     AC: 66    Str: 32 (33) XL:     26   Next: 58%
Magic:  45/52      EV: 20    Int: 14      God:    the Shining One [******]
Gold:   4533       SH: 23    Dex: 12      Spells: 25/25 levels left

rFire   + + +        G - +9 broad axe (holy)
rCold   + . .        L - +1 tower shield "Biock" {Str+4}
rNeg    + + +        H - +11 gold dragon scales
rPois   inf          U - +0 helmet of the Spheres {Regen+ MP+9}
rElec   +            i - +1 cloak of Athiemum {rN+ Int+2 SInv}
rCorr   .            I - +0 pair of gloves of Impatience {rF++}
SInv    +            p - +2 pair of boots
Will    +....        g - amulet "Atanas" {Faith MP+9 Dex+3} Stlth
                     O - +5 ring of evasion
HPRegen 1.31/turn    m - +5 ring of evasion
MPRegen 0.33/turn

%: faith
@: about to teleport, flying, slowed, glowing, very slow
A: sickness immunity, AC +20, big wings, negative energy resistance 1,
electricity resistance, torment resistance 1, petrification resistance, hooves
1, camouflage 1, deterioration 1
}: 5/15 runes: barnacled, slimy, silver, abyssal, gossamer
a: Renounce Religion, Divine Shield, Cleansing Flame, Summon Divine Warrior


You were on level 3 of the Crypt.
You worshipped the Shining One.
The Shining One was exalted by your worship.
You visited 11 branches of the dungeon, and saw 52 of its levels.
You visited the Abyss 1 time.
You also visited: Gauntlet.

You collected 8156 gold pieces.
You spent 3623 gold pieces at shops.


Innate Abilities, Weirdness & Mutations

You are immune to sickness and miasma.
Your stone body is resilient. (AC +20)
You are immune to poison.
Your large and strong wings let you fly.
You resist negative energy. (rN+)
You are resistant to electric shocks. (rElec)
You are resistant to unholy torment.
You are immune to petrification.
You have large cloven feet.
Your skin changes colour to match your surroundings (Stealth+).
Your body sometimes deteriorates upon taking damage.


   Skills:
 - Level 26.2 Fighting
 - Level 18.0 Axes
 - Level 14.0 Throwing
 - Level 22.0 Armour
 - Level 9.0 Dodging
 - Level 22.0 Shields
 + Level 15.2 Invocations


You had 25 spell levels left.
You didn't know any spells.
Your spell library was empty.

Inventory:

Hand Weapons
 G - a +9 broad axe of holy wrath (weapon)
 M - a +1 vampiric broad axe
Missiles
 b - 2 boomerangs
 h - 3 javelins
 V - 4 silver javelins (quivered)
Armour
 i - the +1 cloak of Athiemum (worn) {rN+ Int+2 SInv}
   (Okawaru gifted it to you on level 2 of the Vaults)

   Int:       It affects your intelligence (+2).
   rN:        It protects you from negative energy.
   SInv:      It lets you see invisible.
 l - a +2 pair of gloves
 p - a +2 pair of boots (worn)
 q - the +0 pair of gloves of Insecurity {-Tele rC- Regen+ Int+9}
   (Okawaru gifted it to you on level 4 of the Vaults)

   Int:       It affects your intelligence (+9).
   rC:        It makes you vulnerable to cold.
   -Tele:     It prevents most forms of teleportation.
   Regen:     It increases your rate of health regeneration.
 H - +11 gold dragon scales (worn)
 I - the +0 pair of gloves of Impatience (worn) {rF++}
   (You bought it in a shop on level 2 of the Orcish Mines)

   rF:        It greatly protects you from fire.
 L - the +1 tower shield "Biock" (worn) {Str+4}
   (Okawaru gifted it to you on level 4 of the Realm of Zot)

   Str:       It affects your strength (+4).
 U - the +0 helmet of the Spheres (worn) {Regen+ MP+9}
   (You found it on level 4 of the Realm of Zot)

   MP:        It affects your magic capacity (+9).
   Regen:     It increases your rate of health regeneration.
Jewellery
 g - the amulet "Atanas" (around neck) {Faith MP+9 Dex+3}
   (You acquired it on level 5 of the Dungeon)

   [amulet of faith]

   It allows you to gain divine favour quickly.
   Dex:       It affects your dexterity (+3).
   MP:        It affects your magic capacity (+9).
 j - the ring "Nubolul" {Ice Will+}
   (You took it off Josephina on level 2 of the Realm of Zot)

   [ring of ice]

   It enhances your ice magic.
   rF:        It makes you vulnerable to fire.
   rC:        It protects you from cold.
   Will:      It increases your willpower.
 m - a +5 ring of evasion (right hand)
 x - a ring of protection from cold
 N - an amulet of reflection
 O - a +5 ring of evasion (left hand)
 Q - the ring "Etryise" {rF+ rC- rN+ Slay+6}
   (You took it off a yaktaur captain on level 5 of the Vaults)

   [ring of protection from fire]

   Slay:      It affects your accuracy & damage with ranged weapons and melee
   (+6).
   rF:        It protects you from fire.
   rC:        It makes you vulnerable to cold.
   rN:        It protects you from negative energy.
 T - the ring "Qokul" {Fire rN+ rCorr MP+9}
   (You bought it in a shop on level 11 of the Dungeon)

   [ring of fire]

   It enhances your fire magic.
   rF:        It protects you from fire.
   rC:        It makes you vulnerable to cold.
   rN:        It protects you from negative energy.
   MP:        It affects your magic capacity (+9).
   rCorr:     It protects you from acid and corrosion.
Wands
 J - a wand of digging (27)
Scrolls
 k - 7 scrolls of identify
 w - 12 scrolls of teleportation
 C - 3 scrolls of brand weapon
Potions
 a - 5 potions of resistance
 c - 6 potions of magic
 d - 4 potions of might
 e - a potion of heal wounds
 f - 6 potions of curing
 o - 10 potions of enlightenment
 r - 10 potions of haste
 s - 3 potions of mutation
 u - 5 potions of cancellation
 v - 7 potions of attraction
 B - 10 potions of lignification

Dungeon Overview and Level Annotations

Branches:
Dungeon (15/15)            Temple (1/1) D:4            Lair (5/5) D:10
 Shoals (4/4) Lair:3       Spider (4/4) Lair:2        Slime (5/5) Lair:4
    Orc (2/2) D:10            Elf (0/3) Orc:2        Vaults (5/5) D:14
  Crypt (3/3) Vaults:2     Depths (4/4) D:15            Zot (4/5) Depths:4
Gauntlet (visited)
   Tomb: Crypt:3

Altars:
Ashenzari
Cheibriados
Dithmenos
Elyvilon
Fedhas
Gozag
Hepliaklqana
Kikubaaqudgha
Makhleb
Nemelex Xobeh
Okawaru
Qazlal
Ru
Sif Muna
Trog
Uskayaw
Vehumet
Wu Jian
Xom
Yredelemnul
Zin
The Shining One

Shops:
D:1 [   D:3 (   D:8 ?   D:11 =   Orc:2 [:(*   Shoals:1 ?   Vaults:3 [(
Vaults:4 [

Portals:
Hell: Depths:1 Depths:2 Depths:3 Depths:4
Abyss: Depths:3
Pandemonium: Depths:1 Depths:2 Depths:3
Ziggurat: Depths:4
Trove: D:13 (lose all piety)

Annotations:
D:6 1 runed translucent door, Crazy Yiuf
Spider:1 2 transporters
Vaults:4 2 transporters


Message History

You slice the titan!! You slice the frost giant!!
You slice the deep elf pyromancer!! You slash the titan! You hit the titan.
The deep elf archer shoots an arrow.
You block the arrow. You block the titan's attack.
You block the frost giant's attack. The titan hits you!!
You block the titan's attack.
The deep elf pyromancer mumbles some strange words.
The titan points at you and mumbles some strange words.
The bolt of lightning misses you.
56926 ||| INVOKING Summon Divine Warrior.
You are momentarily dazzled by a brilliant light.
The deep elf archer shoots an arrow.
You block the arrow. The titan hits you!! x2
The frost giant hits you with a +1 battleaxe of freezing.
You block the deep elf pyromancer's attack.
The titan hits you but does no damage. The titan casts a spell at you.
The bolt of lightning hits you! You resist.
The bolt of lightning hits the titan.
The titan completely resists.
The bolt of lightning hits the titan.
The titan completely resists.
The bolt of lightning hits you but does no damage.
The deep elf archer shoots an arrow.
You block the arrow.
The deep elf archer shoots an arrow.
The arrow hits you!
56927 ||| READING 13 scrolls of teleportation.
As you read the scroll of teleportation, it crumbles to dust.
You feel strangely unstable.
The titan mumbles some strange words.
The titan is healed somewhat.
The titan waves its arms in wide circles.
The air twists around and strikes your daeva!!
You block the deep elf pyromancer's attack.
You block the frost giant's attack.
The titan gestures wildly while chanting.
The titan is healed somewhat.
The titan mumbles some strange words.
The titan is healed somewhat.
The deep elf archer shoots an arrow.
You block the arrow. The titan misses you.
The deep elf pyromancer hits you but does no damage.
The frost giant closely misses you. You block the titan's attack.
The titan gestures wildly while chanting.
The titan is healed somewhat.
The titan hits you!!
You die...

......#######......###
...................'.#
...................###
............[......'.#
#'''##########.....###
..........##.'..0..+
..........####..E..#
.........##'.'0CCe.+
.....#####.###EC@C.###
.........'##.'.C.A.'.#
..........####.....###
..........##.'.....'.#
#...##########..e..###
#'''#.#.# ##...#'.#
#...#'#'#+#+# #''e####
............###...##
8...8..8..8..#.....#


You could see 4 titans, a frost giant, 2 deep elf archers, a deep elf
pyromancer, 2 fire elementals and a friendly daeva (summoned).

Vanquished Creatures
  the Royal Jelly (Slime:5)
  6 dread liches
  An orb of fire (Zot:4)
  An ancient lich (Vaults:5)
  A juggernaut (Depths:2)
  Sojobo (Depths:3)
  Boris (twice) (Vaults:4 Depths:1)
  Josephina (Zot:2)
  A Killer Klown (Zot:4)
  Frederick (Depths:3)
  Saint Roka (Vaults:2)
  Parghit (Depths:3)
  2 caustic shrikes
  3 curse toes
  8 golden dragons
  2 bone dragons (Depths:2)
  the Enchantress (Depths:1)
  A Tzitzimitl (Depths:2)
  Arachne (Spider:3)
  2 electric golems (Zot:1)
  3 doom hounds (Depths:2)
  22 tentacled monstrosities
  A walking crystal tome (Depths:2)
  3 liches
  Asterion (Spider:4)
  Zenata (Vaults:2)
  3 deep elf master archers (Crypt:1)
  A walking divine tome (Depths:4)
  5 quicksilver dragons
  8 titans
  A walking frostbound tome (Depths:4)
  Grunn (Depths:2)
  Polyphemus (Shoals:4)
  2 deep elf blademasters (Crypt:1)
  2 krakens
  2 death cobs (Zot:2)
  18 acid blobs
  Kirke (Shoals:3)
  Agnes (Spider:3)
  9 storm dragons
  A sphinx (Zot:1)
  3 tengu reavers
  16 azure jellies
  10 shadow dragons
  3 draconian monks
  11 rockslimes
  2 revenants
  6 draconian knights
  2 deep elf sorcerers
  Ilsuiw (Shoals:3)
  13 vault wardens
  11 fire giants
  4 emperor scorpions
  2 iron dragons
  14 frost giants
  5 draconian stormcallers
  2 balrugs (Depths:3)
  A spectral caustic shrike (Crypt:3)
  Aizul (Spider:3)
  4 ghouls
  A caustic shrike zombie (Crypt:1)
  8 draconian scorchers
  3 reapers
  3 draconian shifters
  4 spriggan defenders
  6 draconian annihilators
  6 ghost moths
  An orc warlord (Orc:2)
  15 quicksilver oozes
  4 war gargoyles
  17 ironbound preservers
  5 broodmothers (Spider:4)
  18 very ugly things
  9 ironbound thunderhulks
  4 formless jellyfish
  22 stone giants
  11 green draconians
  8 vampire knights
  A lorocyproca (Depths:2)
  A deep elf annihilator (Vaults:5)
  3 deep elf demonologists
  10 black draconians
  2 demonspawn black suns (Zot:4)
  17 white draconians
  11 yellow draconians
  A minotaur (Gauntlet)
  9 purple draconians
  16 red draconians
  19 dire elephants
  2 spark wasps
  10 eidola
  3 deep elf death magi
  5 merfolk impalers
  Snorg (D:10)
  A crystal guardian (Vaults:4)
  22 yaktaur captains
  7 merfolk javelineers
  5 ettins
  9 jiangshi
  3 entropy weavers
  12 fire dragons
  5 rakshasas
  10 great orbs of eyes
  A spectral spriggan (Crypt:3)
  9 ice dragons
  4 spriggan air magi
  3 centaur warriors
  4 radroaches
  27 vault guards
  2 ghost crabs (Spider:2)
  6 hydras
  4 ogre magi
  A quicksilver dragon skeleton (Vaults:5)
  2 merfolk avatars
  4 catoblepae
  9 boulder beetles
  22 death yaks
  5 ironbound frosthearts
  An alligator snapping turtle (Shoals:4)
  5 peacekeepers
  A spectral stone giant (Crypt:3)
  11 two-headed ogres
  4 death knights
  2 satyrs (Shoals:3)
  6 tengu warriors
  5 merfolk aquamancers
  An alligator (shapeshifter) (Depths:4)
  11 demonic crawlers
  A bennu skeleton (Crypt:3)
  8 deep troll shamans
  2 orc high priests
  5 deep troll earth magi
  5 spectral storm dragons (Crypt:3)
  2 spectral nagas (Crypt:3)
  2 hell hogs (Depths:3)
  6 spriggans (Depths:1)
  7 hell knights
  3 vampire magi
  5 spriggan berserkers
  2 deep elf knights (Crypt:1)
  4 soul eaters
  2 sun demons (Depths:3)
  9 sea snakes
  3 wretched stars (Abyss:3)
  5 shadow wraiths
  A sixfirhy (Depths:2)
  6 skeletal warriors
  11 iron trolls
  8 sun moths
  4 skysharks
  A goliath frog (shapeshifter) (Vaults:5)
  A sea snake (shapeshifter) (Depths:3)
  2 pharaoh ants
  A spectral hydra (Crypt:3)
  5 glowing orange brains
  10 orb spiders
  11 flayed ghosts
  19 ironbound convokers
  2 spectral anacondas (Crypt:3)
  2 bog bodies (Crypt:1)
  37 deep trolls
  An obsidian statue (D:11)
  11 phantasmal warriors
  An orange crystal statue (D:10)
  8 steelbarb worms
  9 wizards
  10 lindwurms
  3 deep elf archers (Crypt:1)
  A fenstrider witch simulacrum (Crypt:2)
  6 orc knights
  A deep elf pyromancer (Crypt:3)
  A spectral ettin (Crypt:3)
  18 harpies
  2 shining eyes
  A mana viper (shapeshifter) (Vaults:5)
  A draconian zombie (Crypt:1)
  17 wolf spiders
  7 necromancers
  A frost giant zombie (Crypt:1)
  A faun (shapeshifter) (Vaults:5)
  26 ugly things
  8 fauns
  24 manticores
  A spectral alligator snapping turtle (Crypt:3)
  5 orc sorcerers
  15 moths of wrath
  7 cyclopes
  A jorogumo skeleton (Crypt:2)
  5 torpor snails
  4 eyes of devastation
  A spectral centaur (Crypt:3)
  2 black mambas
  13 elephants
  A shock serpent zombie (Crypt:3)
  A water nymph (shapeshifter) (Depths:3)
  11 merfolk sirens
  17 vault sentinels
  2 smoke demons (Depths:3)
  2 gargoyles
  7 water nymphs
  An alligator snapping turtle zombie (Crypt:1)
  2 fire giant skeletons
  A grey draconian zombie (Crypt:1)
  3 centaur skeletons (D:14)
  A storm dragon simulacrum (Zot:2)
  9 cane toads
  A hellion (Depths:3)
  17 freezing wraiths
  An unseen horror (D:8)
  An anaconda simulacrum (Crypt:3)
  2 kobold demonologists (D:10)
  33 yaktaurs
  A pale draconian skeleton (Crypt:2)
  4 tengu conjurers
  2 rime drakes (Lair:1)
  7 komodo dragons
  3 spectral harpies (Crypt:3)
  An efreet (D:14)
  A golden dragon simulacrum (Zot:2)
  A harpy zombie (Crypt:2)
  A meliai (shapeshifter) (D:13)
  3 red devils
  A yaktaur skeleton (Vaults:3)
  A polar bear (shapeshifter) (Vaults:5)
  24 merfolk
  14 meliai
  2 polar bears
  3 hornets (Depths:1)
  A troll (shapeshifter) (Vaults:5)
  8 trolls
  4 tyrant leeches (Spider:2)
  A queen bee (Abyss:3)
  Grinder (D:6)
  25 tarantellas
  18 blink frogs
  5 wind drakes
  A spectral swamp dragon (Crypt:3)
  2 harpy skeletons
  5 dream sheep
  12 snapping turtles
  A deep troll zombie (Vaults:5)
  A guardian serpent zombie (Crypt:1)
  60 slime creatures
  20 culicivoras
  21 jumping spiders
  2 centaur simulacra
  7 water elementals
  3 flying skulls (Abyss:3)
  A vampire (D:11)
  2 shadows (D:11)
  A wraith (Crypt:1)
  3 wyverns
  Eustachio (D:5)
  4 humans (Shoals:3)
  35 yaks
  2 hogs (Shoals:3)
  A neqoxec (Abyss:3)
  A chaos spawn (Abyss:3)
  A steam dragon (D:7)
  A slime creature zombie (Crypt:2)
  8 golden eyes (Slime:5)
  A small abomination (Abyss:3)
  A fire elemental (Lair:4)
  20 vampire mosquitoes
  A green draconian simulacrum (Zot:2)
  45 redbacks
  4 basilisks
  4 wargs
  Menkaure (D:5)
  2 harpy simulacra
  A glowing shapeshifter zombie (Crypt:3)
  3 acid dragons
  A skyshark zombie (Crypt:2)
  A cane toad zombie (Crypt:1)
  16 water moccasins
  2 floating eyes
  2 moth of wrath simulacra (Zot:2)
  An ice beast (D:6)
  33 orc warriors
  A sky beast (D:7)
  A black bear (Lair:1)
  13 ogres
  10 wolves
  4 centaurs
  A boggart (D:14)
  2 phantoms (D:4)
  7 kobold brigands
  16 bullfrogs
  5 gnoll sergeants
  A human zombie (Vaults:3)
  A naga simulacrum (Crypt:2)
  A necrophage (Crypt:1)
  A salamander skeleton (Crypt:3)
  A water moccasin zombie (Crypt:1)
  4 scorpions
  13 wights
  4 killer bees (D:9)
  7 electric eels
  A howler monkey (D:9)
  A wolf zombie (Crypt:2)
  2 lava snakes
  4 hounds
  A human simulacrum (Vaults:3)
  4 jellies
  A wolf skeleton (Crypt:3)
  12 orc priests
  3 iguanas
  Ijyb (D:3)
  17 orc wizards
  Terence (D:3)
  A sky beast zombie (Crypt:1)
  A tengu skeleton (Crypt:3)
  A hound skeleton (Crypt:3)
  31 gnolls
  14 adders
  A shadow imp (D:5)
  A white imp (D:7)
  2 ufetubi
  2 adder zombies (Crypt:2)
  A worm (D:3)
  A worm (shapeshifter) (Depths:1)
  4 dart slugs
  72 orcs
  9 ball pythons
  5 endoplasms
  5 giant cockroaches
  4 goblins
  7 hobgoblins
  6 jackals (D:1)
  A quokka (D:1)
  10 bats
  An endoplasm zombie (Crypt:1)
  5 frilled lizards
  A hobgoblin zombie (Crypt:1)
  28 kobolds
  6 rats
  A rat zombie (Crypt:2)
  2 butterflies (D:1)
  2 spectral weapons (Spider:4)
  5 tentacles
2071 creatures vanquished.

Vanquished Creatures (collateral kills)
  A stone giant (Crypt:2)
1 creature vanquished.

Vanquished Creatures (others)
  A caustic shrike (Depths:3)
  A tengu reaver (Depths:3)
  A white draconian (Zot:1)
  A merfolk aquamancer (Shoals:4)
  2 wizards
  A tyrant leech (Spider:2)
  A jumping spider (Spider:2)
  2 redbacks
  An electric eel (Spider:2)
  2 orcs (Orc:1)
  18 spectral weapons
  7 tentacles
38 creatures vanquished.

Grand Total: 2110 creatures vanquished

Notes
Turn   | Place    | Note
-------+----------+-------------------------------------------
     0 | D:1      | qw the Gargoyle Fighter began the quest for the Orb.
     0 | D:1      | Reached XP level 1. HP: 14/14 MP: 1/1
     0 | D:1      | 0 ||| qw: Version: 0.3-a-7-ge0c9b40
     0 | D:1      | 0 ||| qw: Game counter: 741
     0 | D:1      | 0 ||| qw: Always use a shield: true
     0 | D:1      | 0 ||| qw: God list: Okawaru
     0 | D:1      | 0 ||| qw: Allow faded altars: false
     0 | D:1      | 0 ||| qw: Do Orc after D:15 true
     0 | D:1      | 0 ||| qw: Do second Lair branch before Depths: true
     0 | D:1      | 0 ||| qw: Lair rune preference: random
     0 | D:1      | 0 ||| qw: Plans: Normal, Zot:1-4, Slime:5, God:TSO, Crypt,
                  | Tomb, Abyss, Pan, Hells, Win
     0 | D:1      | 0 ||| PLANNING D:1-11
    59 | D:1      | Reached XP level 2. HP: 19/19 MP: 2/2
    65 | D:1      | 65 ||| SHOPLISTING chain mail (117 gold, have 0).
    65 | D:1      | 65 ||| SHOPLISTING cloak (117 gold, have 0).
   191 | D:1      | 191 ||| Stepping ~*~*~tactically~*~*~ (stealth).
   241 | D:1      | 241 ||| Stepping ~*~*~tactically~*~*~ (stealth).
   249 | D:1      | Reached skill level 3 in Axes
   255 | D:1      | Reached XP level 3. HP: 23/23 MP: 3/3
   274 | D:1      | 274 ||| Stepping ~*~*~tactically~*~*~ (stealth).
   275 | D:1      | 275 ||| Stepping ~*~*~tactically~*~*~ (stealth).
   368 | D:1      | 368 ||| Stepping ~*~*~tactically~*~*~ (stealth).
   696 | D:1      | 696 ||| READING scroll labelled XIFYDI WIMP.
   697 | D:1      | 697 ||| DRINKING 2 cyan potions.
   698 | D:1      | 698 ||| DRINKING 2 golden potions.
   791 | D:2      | 791 ||| DROPPING +0 club.
   810 | D:2      | Found a shimmering altar of Xom.
   980 | D:2      | 980 ||| Stepping ~*~*~tactically~*~*~ (stealth).
  1011 | D:2      | Reached XP level 4. HP: 28/28 MP: 4/4
  1094 | D:2      | 1094 ||| Stepping ~*~*~tactically~*~*~ (stealth).
  1194 | D:2      | 1194 ||| DROPPING +0 whip.
  1233 | D:2      | 1233 ||| UPGRADING to +0 cloak.
  1238 | D:2      | 1238 ||| DROPPING scarf of shadows.
  1239 | D:2      | 1239 ||| UPGRADING to +2 pair of gloves.
  1244 | D:2      | 1244 ||| READING scroll labelled BAMUAFI HEUXTA.
  1245 | D:2      | 1245 ||| READING scroll labelled ZOAPTOS KELA.
  1347 | D:3      | 1347 ||| Stepping ~*~*~tactically~*~*~ (stealth).
  1349 | D:3      | 1349 ||| Stepping ~*~*~tactically~*~*~ (hiding).
  1415 | D:3      | Found Keror's Weapon Emporium.
  1423 | D:3      | 1423 ||| BUYING +0 flail (42 gold).
  1423 | D:3      | Bought a +0 flail for 42 gold pieces
  1423 | D:3      | 1423 ||| SHOPLISTING +2 flail of protection (194 gold, have
                  | 48).
  1423 | D:3      | 1423 ||| SHOPLISTING +4 war axe "Ydgholosh" {spect,
                  | *Corrode Fly rElec Will+} (537 gold, have 48).
  1423 | D:3      | 1423 ||| DROPPING +0 mace.
  1491 | D:3      | Reached XP level 5. HP: 29/32 MP: 5/5
  1512 | D:3      | 1512 ||| Stepping ~*~*~tactically~*~*~ (hiding).
  1514 | D:3      | 1514 ||| Stepping ~*~*~tactically~*~*~ (hiding).
  1617 | D:3      | Noticed Terence
  1629 | D:3      | Killed Terence
  1720 | D:3      | 1720 ||| Stepping ~*~*~tactically~*~*~ (stealth).
  2059 | D:3      | Noticed Ijyb
  2073 | D:3      | Killed Ijyb
  2074 | D:3      | Reached skill level 4 in Fighting
  2074 | D:3      | Reached XP level 6. HP: 38/38 MP: 6/6
  2212 | D:3      | 2212 ||| UPGRADING to +0 chain mail.
  2222 | D:3      | 2222 ||| DROPPING +0 scale mail.
  2223 | D:3      | 2223 ||| UPGRADING to +2 chain mail of poison resistance.
  2233 | D:3      | 2233 ||| DROPPING +0 chain mail.
  2234 | D:3      | 2234 ||| READING scroll labelled XYUT OTULLYJ.
  2235 | D:3      | 2235 ||| READING scroll labelled GESOTI DYVANO.
  2236 | D:3      | 2236 ||| READING scroll labelled JYTUYZ PIEGI.
  2237 | D:3      | 2237 ||| READING scroll labelled BECETOTAATECE.
  2238 | D:3      | 2238 ||| READING 2 scrolls of identify.
  2238 | D:3      | 2238 ||| IDENTIFYING bubbling cyan potion
  2239 | D:3      | 2239 ||| DRINKING potion of experience.
  2239 | D:3      | Reached skill level 12 in Axes
  2239 | D:3      | Reached XP level 7. HP: 43/43 MP: 7/7
  2316 | D:4      | Found a staircase to the Ecumenical Temple.
  2317 | D:4      | 2317 ||| PLANNING TEMPLE
  2339 | D:4      | Reached skill level 1 in Dodging
  2375 | Temple   | Entered the Ecumenical Temple
  2375 | Temple   | Found a transporter.
  2375 | Temple   | Found a transporter.
  2377 | Temple   | Found a transporter.
  2377 | Temple   | Found a transporter.
  2387 | Temple   | 2387 ||| PLANNING D:1-11
  2402 | Temple   | 2402 ||| PLANNING OKAWARU WORSHIP
  2408 | Temple   | Became a worshipper of Warmaster Okawaru
  2409 | Temple   | 2409 ||| PLANNING D:1-11
  2447 | D:4      | 2447 ||| Stepping ~*~*~tactically~*~*~ (stealth).
  2466 | D:4      | 2466 ||| DROPPING +0 flail.
  2628 | D:4      | 2628 ||| Stepping ~*~*~tactically~*~*~ (stealth).
  2629 | D:4      | 2629 ||| Stepping ~*~*~tactically~*~*~ (stealth).
  2630 | D:4      | 2630 ||| Stepping ~*~*~tactically~*~*~ (stealth).
  2631 | D:4      | 2631 ||| Stepping ~*~*~tactically~*~*~ (stealth).
  2835 | D:4      | 2835 ||| Stepping ~*~*~tactically~*~*~ (hiding).
  2839 | D:4      | 2839 ||| Stepping ~*~*~tactically~*~*~ (hiding).
  2840 | D:4      | 2840 ||| Stepping ~*~*~tactically~*~*~ (hiding).
  3267 | D:4      | 3267 ||| UPGRADING to +0 plate armour.
  3277 | D:4      | 3277 ||| DROPPING +2 chain mail of poison resistance.
  3278 | D:4      | 3278 ||| UPGRADING to ring of protection from cold.
  3279 | D:4      | 3279 ||| UPGRADING to +5 ring of evasion.
  3280 | D:4      | 3280 ||| READING 2 scrolls labelled SIS VAHIABBAUROI.
  3285 | D:4      | 3285 ||| READING 3 scrolls of identify.
  3285 | D:4      | 3285 ||| IDENTIFYING yellow potion
  3286 | D:4      | 3286 ||| READING 2 scrolls of identify.
  3286 | D:4      | 3286 ||| IDENTIFYING sedimented ruby potion
  3287 | D:4      | 3287 ||| DROPPING potion of brilliance.
  3288 | D:4      | 3288 ||| DROPPING potion of ambrosia.
  3302 | D:5      | Entered Level 5 of the Dungeon
  3358 | D:5      | HP: 10/44 [ogre/+0 giant spiked club (16)]
  3359 | D:5      | 3359 ||| READING scroll of teleportation.
  3360 | D:5      | 3360 ||| DRINKING 3 potions of heal wounds.
  3416 | D:5      | Noticed Menkaure
  3420 | D:5      | Noticed Eustachio
  3423 | D:5      | Killed Menkaure
  3423 | D:5      | Reached * piety under Okawaru
  3424 | D:5      | Reached XP level 8. HP: 41/48 MP: 8/8
  3424 | D:5      | 3424 ||| INVOKING Heroism.
  3429 | D:5      | Killed Eustachio
  3430 | D:5      | Reached skill level 5 in Fighting
  3462 | D:5      | 3462 ||| Stepping ~*~*~tactically~*~*~ (stealth).
  3566 | D:5      | 3566 ||| INVOKING Heroism.
  3573 | D:5      | Reached skill level 1 in Invocations
  3603 | D:5      | Reached skill level 1 in Throwing
  3607 | D:5      | 3607 ||| Stepping ~*~*~tactically~*~*~ (water).
  3616 | D:5      | 3616 ||| FLEEEEING.
  3617 | D:5      | 3617 ||| FLEEEEING.
  3669 | D:5      | 3669 ||| INVOKING Heroism.
  3818 | D:5      | 3818 ||| INVOKING Heroism.
  4240 | D:5      | 4240 ||| DROPPING +0 chain mail of willpower.
  4241 | D:5      | 4241 ||| READING scroll labelled WITTAH RU LUT.
  4241 | D:5      | Identified a scroll of acquirement
  4241 | D:5      | 4241 ||| ACQUIRING amulet "Atanas" {Faith MP+9 Dex+3}
  4241 | D:5      | Acquired the amulet "Atanas" {Faith MP+9 Dex+3}
  4243 | D:5      | 4243 ||| UPGRADING to amulet "Atanas" {Faith MP+9 Dex+3}.
  4395 | D:6      | 4395 ||| Stepping ~*~*~tactically~*~*~ (hiding).
  4396 | D:6      | 4396 ||| Stepping ~*~*~tactically~*~*~ (hiding).
  4398 | D:6      | 4398 ||| Stepping ~*~*~tactically~*~*~ (hiding).
  4399 | D:6      | 4399 ||| Stepping ~*~*~tactically~*~*~ (hiding).
  4401 | D:6      | 4401 ||| Stepping ~*~*~tactically~*~*~ (hiding).
  4402 | D:6      | 4402 ||| Stepping ~*~*~tactically~*~*~ (hiding).
  4403 | D:6      | 4403 ||| Stepping ~*~*~tactically~*~*~ (hiding).
  4447 | D:6      | Noticed Grinder
  4449 | D:6      | 4449 ||| INVOKING Heroism.
  4464 | D:6      | Killed Grinder
  4465 | D:6      | Reached XP level 9. HP: 47/54 MP: 11/11
  4543 | D:6      | 4543 ||| INVOKING Heroism.
  4553 | D:6      | Reached skill level 3 in Invocations
  4832 | D:6      | 4832 ||| INVOKING Heroism.
  5090 | D:6      | 5090 ||| INVOKING Heroism.
  5205 | D:6      | Identified the +3 chain mail "Fouckano" {rPois rC- MP+9
                  | Str-5 Int+4}
  5234 | D:6      | 5234 ||| Stepping ~*~*~tactically~*~*~ (hiding).
  5236 | D:6      | 5236 ||| Stepping ~*~*~tactically~*~*~ (hiding).
  5237 | D:6      | 5237 ||| Stepping ~*~*~tactically~*~*~ (hiding).
  5242 | D:6      | 5242 ||| INVOKING Heroism.
  5525 | D:6      | Found a runed translucent door.
  5526 | D:6      | Noticed Crazy Yiuf
  5739 | D:6      | 5739 ||| DROPPING +3 chain mail "Fouckano" {rPois rC- MP+9
                  | Str-5 Int+4}.
  5740 | D:6      | 5740 ||| DROPPING orb of guile.
  5741 | D:6      | 5741 ||| READING scroll labelled OMURUOCRUG.
  5742 | D:6      | 5742 ||| READING scroll labelled APONEXTETE.
  5743 | D:6      | 5743 ||| READING scroll labelled CERHEN BYNWONEWKU.
  5857 | D:7      | Found a shimmering altar of Xom.
  5941 | D:7      | Reached ** piety under Okawaru
  5942 | D:7      | Reached skill level 6 in Fighting
  6027 | D:7      | 6027 ||| INVOKING Heroism.
  6064 | D:7      | 6064 ||| Stepping ~*~*~tactically~*~*~ (stealth).
  6066 | D:7      | 6066 ||| Stepping ~*~*~tactically~*~*~ (stealth).
  6153 | D:7      | 6153 ||| Stepping ~*~*~tactically~*~*~ (hiding).
  6192 | D:7      | 6192 ||| Stepping ~*~*~tactically~*~*~ (stealth).
  6194 | D:7      | 6194 ||| Stepping ~*~*~tactically~*~*~ (hiding).
  6197 | D:7      | 6197 ||| INVOKING Heroism.
  6374 | D:7      | Reached skill level 6 in Armour
  6521 | D:7      | Reached XP level 10. HP: 61/61 MP: 13/13
  6675 | D:7      | 6675 ||| READING 5 scrolls of identify.
  6675 | D:7      | 6675 ||| IDENTIFYING metallic black potion
  6676 | D:7      | 6676 ||| READING 4 scrolls of identify.
  6676 | D:7      | 6676 ||| IDENTIFYING smoky black potion
  6677 | D:7      | 6677 ||| DROPPING potion of invisibility.
  6736 | D:8      | Found an opulent altar of Gozag.
  6738 | D:8      | 6738 ||| Stepping randomly (disturbance).
  6739 | D:8      | 6739 ||| Stepping randomly (disturbance).
  6746 | D:8      | 6746 ||| Stepping ~*~*~tactically~*~*~ (stealth).
  6762 | D:8      | Killed an unseen horror
  6762 | D:8      | Reached *** piety under Okawaru
  6763 | D:8      | Reached skill level 7 in Fighting
  6780 | D:8      | 6780 ||| FLEEEEING.
  6833 | D:8      | 6833 ||| INVOKING Heroism.
  6846 | D:8      | Found a basalt altar of Yredelemnul.
  6932 | D:8      | Noticed a two-headed ogre
  6933 | D:8      | 6933 ||| INVOKING Heroism.
  6939 | D:8      | Killed a two-headed ogre
  6940 | D:8      | Reached skill level 3 in Dodging
  7067 | D:8      | Found Nami's Magic Scroll Boutique.
  7076 | D:8      | 7076 ||| BUYING scroll of identify (28 gold).
  7076 | D:8      | Bought a scroll of identify for 28 gold pieces
  7076 | D:8      | 7076 ||| BUYING scroll of identify (28 gold).
  7076 | D:8      | Bought a scroll of identify for 28 gold pieces
  7076 | D:8      | 7076 ||| BUYING scroll of identify (28 gold).
  7076 | D:8      | Bought a scroll of identify for 28 gold pieces
  7076 | D:8      | 7076 ||| BUYING scroll of teleportation (42 gold).
  7076 | D:8      | Bought a scroll of teleportation for 42 gold pieces
  7076 | D:8      | 7076 ||| BUYING scroll of teleportation (42 gold).
  7076 | D:8      | Bought a scroll of teleportation for 42 gold pieces
  7211 | D:8      | 7211 ||| INVOKING Heroism.
  7338 | D:8      | 7338 ||| FLEEEEING.
  7339 | D:8      | 7339 ||| FLEEEEING.
  7340 | D:8      | 7340 ||| FLEEEEING.
  7341 | D:8      | 7341 ||| FLEEEEING.
  7342 | D:8      | 7342 ||| FLEEEEING.
  7343 | D:8      | 7343 ||| FLEEEEING.
  7344 | D:8      | 7344 ||| FLEEEEING.
  7345 | D:8      | 7345 ||| FLEEEEING.
  7346 | D:8      | 7346 ||| FLEEEEING.
  7347 | D:8      | 7347 ||| FLEEEEING.
  7348 | D:8      | 7348 ||| FLEEEEING.
  7349 | D:8      | 7349 ||| INVOKING Heroism.
  7556 | D:8      | 7556 ||| UPGRADING to +0 kite shield.
  7566 | D:8      | 7566 ||| DROPPING +0 buckler.
  7567 | D:8      | 7567 ||| UPGRADING to +2 pair of boots.
  7572 | D:8      | 7572 ||| READING 7 scrolls of identify.
  7572 | D:8      | 7572 ||| IDENTIFYING green potion
  7573 | D:8      | 7573 ||| READING 6 scrolls of identify.
  7573 | D:8      | 7573 ||| IDENTIFYING metallic white potion
  7623 | D:9      | 7623 ||| INVOKING Heroism.
  7641 | D:9      | 7641 ||| FLEEEEING.
  7642 | D:9      | 7642 ||| FLEEEEING.
  7643 | D:9      | 7643 ||| FLEEEEING.
  7644 | D:9      | 7644 ||| FLEEEEING.
  7645 | D:9      | 7645 ||| FLEEEEING.
  7646 | D:9      | 7646 ||| FLEEEEING.
  7647 | D:9      | 7647 ||| STAIRDANCE
  7785 | D:9      | 7785 ||| DROPPING +0 morningstar.
  7840 | D:9      | 7840 ||| Stepping ~*~*~tactically~*~*~ (hiding).
  7960 | D:9      | Found a hazy altar of Hepliaklqana.
  8010 | D:9      | Found an ancient bone altar of Kikubaaqudgha.
  8072 | D:9      | 8072 ||| Stepping ~*~*~tactically~*~*~ (stealth).
  8258 | D:9      | 8258 ||| Stepping ~*~*~tactically~*~*~ (stealth).
  8362 | D:9      | Reached **** piety under Okawaru
  8781 | D:9      | 8781 ||| DROPPING ring of wizardry.
  8819 | D:10     | Entered Level 10 of the Dungeon
  8824 | D:10     | Found a staircase to the Orcish Mines.
  8841 | D:10     | 8841 ||| Stepping ~*~*~tactically~*~*~ (stealth).
  8965 | D:10     | Noticed a gargoyle
  8966 | D:10     | 8966 ||| Stepping ~*~*~tactically~*~*~ (hiding).
  8975 | D:10     | 8975 ||| INVOKING Heroism.
  8978 | D:10     | Killed a gargoyle
  8979 | D:10     | Reached skill level 6 in Shields
  9152 | D:10     | 9152 ||| READING scroll of brand weapon.
  9152 | D:10     | 9152 ||| BRANDING +0 war axe of freezing.
  9418 | D:10     | Noticed a kobold demonologist
  9419 | D:10     | Found a flagged portal.
  9419 | D:10     | Noticed a kobold demonologist
  9426 | D:10     | Noticed a sun demon
  9426 | D:10     | 9426 ||| INVOKING Heroism.
  9431 | D:10     | Reached XP level 11. HP: 55/67 MP: 14/14
  9511 | D:10     | Noticed an orange crystal statue
  9512 | D:10     | 9512 ||| INVOKING Heroism.
  9523 | D:10     | Noticed a soul eater
  9525 | D:10     | Killed an orange crystal statue
  9525 | D:10     | Reached ***** piety under Okawaru
  9526 | D:10     | Reached skill level 6 in Invocations
  9598 | D:10     | Noticed Snorg
  9599 | D:10     | 9599 ||| INVOKING Heroism.
  9616 | D:10     | Killed Snorg
  9616 | D:10     | HP: 13/67 [yak (7)]
  9617 | D:10     | 9617 ||| FLEEEEING.
  9618 | D:10     | 9618 ||| READING 2 scrolls of teleportation.
  9619 | D:10     | 9619 ||| DRINKING 3 potions of heal wounds.
  9620 | D:10     | 9620 ||| INVOKING Heroism.
  9775 | D:10     | Found a staircase to the Lair.
  9918 | D:10     | 9918 ||| PLANNING LAIR
  9918 | D:10     | 9918 ||| DRINKING 2 red potions.
  9967 | Lair:1   | Entered Level 1 of the Lair of Beasts
  9986 | Lair:1   | 9986 ||| INVOKING Heroism.
 10003 | Lair:1   | 10003 ||| Stepping ~*~*~tactically~*~*~ (stealth).
 10011 | Lair:1   | Received a gift from Okawaru
 10018 | Lair:1   | 10018 ||| INVOKING Heroism.
 10108 | Lair:1   | Noticed a death yak
 10108 | Lair:1   | Noticed a death yak
 10109 | Lair:1   | 10109 ||| INVOKING Heroism.
 10120 | Lair:1   | Killed a death yak
 10121 | Lair:1   | 10121 ||| INVOKING Finesse.
 10122 | Lair:1   | Killed a death yak
 10123 | Lair:1   | Reached skill level 9 in Shields
 10137 | Lair:1   | 10137 ||| INVOKING Heroism.
 10193 | Lair:1   | 10193 ||| INVOKING Heroism.
 10325 | Lair:1   | 10325 ||| Stepping ~*~*~tactically~*~*~ (stealth).
 10326 | Lair:1   | 10326 ||| INVOKING Heroism.
 10327 | Lair:1   | 10327 ||| Stepping ~*~*~tactically~*~*~ (stealth).
 10331 | Lair:1   | Reached XP level 12. HP: 72/72 MP: 18/18
 10450 | Lair:1   | Reached skill level 9 in Invocations
 10475 | Lair:1   | 10475 ||| Stepping ~*~*~tactically~*~*~ (stealth).
 10499 | Lair:1   | Received a gift from Okawaru
 10550 | Lair:1   | 10550 ||| READING 5 scrolls of identify.
 10550 | Lair:1   | 10550 ||| IDENTIFYING inky potion
 10587 | Lair:1   | Noticed a four-headed hydra
 10588 | Lair:1   | 10588 ||| INVOKING Heroism.
 10590 | Lair:1   | 10590 ||| SWAPPING to +2 morningstar of protection.
 10598 | Lair:1   | Killed a four-headed hydra
 10599 | Lair:1   | Reached skill level 8 in Fighting
 10599 | Lair:1   | 10599 ||| SWAPPING to +0 heavy broad axe.
 10617 | Lair:1   | 10617 ||| DROPPING +0 spectral war axe.
 10771 | Lair:1   | 10771 ||| Stepping ~*~*~tactically~*~*~ (hiding).
 10978 | Lair:1   | 10978 ||| DRINKING 2 purple potions.
 11007 | Lair:2   | 11007 ||| STAIRDANCE
 11015 | Lair:2   | 11015 ||| INVOKING Heroism.
 11111 | Lair:2   | Noticed a death yak
 11111 | Lair:2   | Noticed a death yak
 11111 | Lair:2   | Noticed a death yak
 11112 | Lair:2   | 11112 ||| INVOKING Heroism.
 11112 | Lair:2   | Noticed a death yak
 11113 | Lair:2   | 11113 ||| INVOKING Finesse.
 11113 | Lair:2   | Noticed a death yak
 11114 | Lair:2   | Noticed a seven-headed hydra
 11114 | Lair:2   | Noticed a death yak
 11124 | Lair:2   | 11124 ||| SWAPPING to +2 morningstar of protection.
 11126 | Lair:2   | Killed a death yak
 11127 | Lair:2   | Killed a death yak
 11132 | Lair:2   | Killed a death yak
 11132 | Lair:2   | HP: 10/75 [death yak (15)]
 11133 | Lair:2   | 11133 ||| READING scroll of teleportation.
 11133 | Lair:2   | HP: 4/75 [death yak (6)]
 11134 | Lair:2   | 11134 ||| DRINKING 4 potions of heal wounds.
 11137 | Lair:2   | 11137 ||| DRINKING 3 potions of heal wounds.
 11138 | Lair:2   | 11138 ||| SWAPPING to +0 heavy broad axe.
 11141 | Lair:2   | Reached skill level 9 in Fighting
 11146 | Lair:2   | Identified the +2 hand axe of Success {flame, rF+ Str+2
                  | Int+5} (Okawaru gifted it to you on level 2 of the Lair of
                  | Beasts)
 11146 | Lair:2   | Received a gift from Okawaru
 11158 | Lair:2   | Reached skill level 9 in Armour
 11161 | Lair:2   | 11161 ||| FLEEEEING.
 11162 | Lair:2   | 11162 ||| FLEEEEING.
 11163 | Lair:2   | 11163 ||| FLEEEEING.
 11164 | Lair:2   | 11164 ||| FLEEEEING.
 11165 | Lair:2   | 11165 ||| STAIRDANCE
 11290 | Lair:2   | 11290 ||| INVOKING Heroism.
 11307 | Lair:2   | 11307 ||| DROPPING +2 morningstar of protection.
 11344 | Lair:2   | 11344 ||| INVOKING Heroism.
 11345 | Lair:2   | 11345 ||| INVOKING Finesse.
 11362 | Lair:2   | Killed a death yak
 11367 | Lair:2   | Killed a death yak
 11368 | Lair:2   | Reached XP level 13. HP: 80/80 MP: 20/20
 11410 | Lair:2   | 11410 ||| SWAPPING to +2 hand axe of Success {flame, rF+
                  | Str+2 Int+5}.
 11413 | Lair:2   | 11413 ||| SWAPPING to +0 heavy broad axe.
 11531 | Lair:2   | Identified the +5 short sword of Lajampi {heavy, rElec
                  | rPois}
 11538 | Lair:2   | Found a hole to the Spider Nest.
 11539 | Lair:2   | 11539 ||| INVOKING Heroism.
 11581 | Lair:2   | 11581 ||| INVOKING Heroism.
 11772 | Lair:2   | 11772 ||| READING 6 scrolls of identify.
 11772 | Lair:2   | 11772 ||| IDENTIFYING murky emerald potion
 11815 | Lair:3   | Reached skill level 10 in Fighting
 11993 | Lair:3   | 11993 ||| INVOKING Heroism.
 12038 | Lair:3   | 12038 ||| Stepping ~*~*~tactically~*~*~ (stealth).
 12053 | Lair:3   | 12053 ||| INVOKING Heroism.
 12063 | Lair:3   | 12063 ||| INVOKING Finesse.
 12067 | Lair:3   | 12067 ||| Stepping ~*~*~tactically~*~*~ (water).
 12069 | Lair:3   | 12069 ||| SWAPPING to +2 hand axe of Success {flame, rF+
                  | Str+2 Int+5}.
 12070 | Lair:3   | 12070 ||| Stepping ~*~*~tactically~*~*~ (water).
 12077 | Lair:3   | 12077 ||| SWAPPING to +0 heavy broad axe.
 12507 | Lair:3   | 12507 ||| Stepping ~*~*~tactically~*~*~ (stealth).
 12522 | Lair:3   | Received a gift from Okawaru
 12533 | Lair:3   | 12533 ||| SWAPPING to +3 broad axe of freezing.
 12534 | Lair:3   | 12534 ||| DROPPING +0 heavy broad axe.
 12550 | Lair:3   | Found a staircase to the Shoals.
 12961 | Lair:3   | 12961 ||| READING scroll labelled ISSUTA ITIJ.
 12962 | Lair:3   | 12962 ||| READING scroll labelled NAIWAM NOYGAA.
 13004 | Lair:4   | 13004 ||| FLEEEEING.
 13005 | Lair:4   | 13005 ||| FLEEEEING.
 13006 | Lair:4   | 13006 ||| FLEEEEING.
 13007 | Lair:4   | 13007 ||| FLEEEEING.
 13008 | Lair:4   | 13008 ||| FLEEEEING.
 13009 | Lair:4   | 13009 ||| FLEEEEING.
 13010 | Lair:4   | 13010 ||| FLEEEEING.
 13011 | Lair:4   | 13011 ||| FLEEEEING.
 13012 | Lair:4   | 13012 ||| STAIRDANCE
 13040 | Lair:4   | 13040 ||| INVOKING Heroism.
 13041 | Lair:4   | 13041 ||| INVOKING Finesse.
 13065 | Lair:4   | 13065 ||| STAIRDANCE
 13309 | Lair:4   | 13309 ||| Stepping ~*~*~tactically~*~*~ (stealth).
 13350 | Lair:4   | 13350 ||| Stepping ~*~*~tactically~*~*~ (stealth).
 13351 | Lair:4   | 13351 ||| Stepping ~*~*~tactically~*~*~ (stealth).
 13502 | Lair:4   | 13502 ||| READING scroll of acquirement.
 13502 | Lair:4   | 13502 ||| ACQUIRING +6 ring of strength
 13502 | Lair:4   | Acquired a +6 ring of strength
 13504 | Lair:4   | 13504 ||| UPGRADING to +6 ring of strength.
 13515 | Lair:4   | 13515 ||| Stepping ~*~*~tactically~*~*~ (stealth).
 13537 | Lair:4   | Reached skill level 3 in Throwing
 13641 | Lair:4   | 13641 ||| Stepping ~*~*~tactically~*~*~ (stealth).
 13650 | Lair:4   | 13650 ||| Stepping ~*~*~tactically~*~*~ (stealth).
 13662 | Lair:4   | Found a staircase to the Slime Pits.
 13731 | Lair:4   | 13731 ||| INVOKING Heroism.
 13768 | Lair:4   | 13768 ||| INVOKING Finesse.
 13769 | Lair:4   | 13769 ||| Stepping ~*~*~tactically~*~*~ (stealth).
 13771 | Lair:4   | 13771 ||| SWAPPING to +2 hand axe of Success {flame, rF+
                  | Str+2 Int+5}.
 13778 | Lair:4   | 13778 ||| SWAPPING to +3 broad axe of freezing.
 13781 | Lair:4   | 13781 ||| INVOKING Heroism.
 13821 | Lair:4   | 13821 ||| INVOKING Heroism.
 14251 | Lair:4   | 14251 ||| READING scroll labelled QOKAFA KIMOE.
 14284 | Lair:5   | Entered Level 5 of the Lair of Beasts
 14289 | Lair:5   | 14289 ||| INVOKING Heroism.
 14296 | Lair:5   | 14296 ||| SWAPPING to +2 hand axe of Success {flame, rF+
                  | Str+2 Int+5}.
 14307 | Lair:5   | Gained mutation: Your large and strong wings let you fly.
                  | [Gargoyle growth]
 14307 | Lair:5   | Reached XP level 14. HP: 60/88 MP: 21/21
 14307 | Lair:5   | 14307 ||| SWAPPING to +3 broad axe of freezing.
 14320 | Lair:5   | 14320 ||| FLEEEEING.
 14322 | Lair:5   | 14322 ||| STAIRDANCE
 14556 | Lair:5   | Identified the +5 trident "Fiehocup" {antimagic, Str+3
                  | Int+3}
 14640 | Lair:5   | 14640 ||| Stepping ~*~*~tactically~*~*~ (hiding).
 14642 | Lair:5   | 14642 ||| INVOKING Heroism.
 14643 | Lair:5   | 14643 ||| INVOKING Finesse.
 14644 | Lair:5   | 14644 ||| INVOKING Finesse.
 14695 | Lair:5   | 14695 ||| INVOKING Heroism.
 14705 | Lair:5   | Reached skill level 11 in Fighting
 14711 | Lair:5   | Received a gift from Okawaru
 14717 | Lair:5   | 14717 ||| INVOKING Finesse.
 14738 | Lair:5   | Reached skill level 12 in Shields
 14821 | Lair:5   | 14821 ||| Stepping ~*~*~tactically~*~*~ (stealth).
 14829 | Lair:5   | 14829 ||| INVOKING Heroism.
 14830 | Lair:5   | 14830 ||| Stepping ~*~*~tactically~*~*~ (stealth).
 14839 | Lair:5   | Received a gift from Okawaru
 14843 | Lair:5   | 14843 ||| INVOKING Finesse.
 14909 | Lair:5   | 14909 ||| INVOKING Heroism.
 14933 | Lair:5   | Identified the +2 robe of Absolutism {Rampage Dex-4 Slay+6
                  | Archmagi}
 14992 | Lair:5   | 14992 ||| INVOKING Heroism.
 15140 | Lair:5   | 15140 ||| Stepping ~*~*~tactically~*~*~ (hiding).
 15143 | Lair:5   | 15143 ||| Stepping ~*~*~tactically~*~*~ (hiding).
 15148 | Lair:5   | 15148 ||| INVOKING Heroism.
 15354 | Lair:5   | 15354 ||| Stepping ~*~*~tactically~*~*~ (stealth).
 15466 | Lair:5   | 15466 ||| Stepping ~*~*~tactically~*~*~ (stealth).
 15473 | Lair:5   | 15473 ||| Stepping ~*~*~tactically~*~*~ (stealth).
 15477 | Lair:5   | 15477 ||| Stepping ~*~*~tactically~*~*~ (stealth).
 15503 | Lair:5   | Received a gift from Okawaru
 15740 | Lair:5   | 15740 ||| PLANNING D:1-11
 15740 | Lair:5   | 15740 ||| READING scroll labelled TUOKUO HUAJUC.
 15921 | D:11     | 15921 ||| Stepping ~*~*~tactically~*~*~ (stealth).
 15961 | D:11     | Found Plog's Jewellery Boutique.
 15969 | D:11     | 15969 ||| BUYING amulet of guardian spirit (480 gold).
 15969 | D:11     | Bought an amulet of guardian spirit for 480 gold pieces
 15969 | D:11     | 15969 ||| SHOPLISTING ring "Qokul" {Fire rN+ rCorr MP+9}
                  | (971 gold, have 186).
 15988 | D:11     | Reached skill level 15 in Axes
 16060 | D:11     | 16060 ||| INVOKING Heroism.
 16203 | D:11     | 16203 ||| Stepping ~*~*~tactically~*~*~ (hiding).
 16216 | D:11     | 16216 ||| Stepping ~*~*~tactically~*~*~ (hiding).
 16249 | D:11     | Identified the +4 scale mail of Ashenzari's Hope {Regen+
                  | Str+3 Slay+2}
 16276 | D:11     | 16276 ||| INVOKING Heroism.
 16280 | D:11     | 16280 ||| Stepping ~*~*~tactically~*~*~ (hiding).
 16282 | D:11     | 16282 ||| Stepping ~*~*~tactically~*~*~ (hiding).
 16562 | D:11     | 16562 ||| INVOKING Heroism.
 16697 | D:11     | 16697 ||| INVOKING Heroism.
 16811 | D:11     | 16811 ||| PLANNING D
 16811 | D:11     | 16811 ||| UPGRADING to +4 scale mail of Ashenzari's Hope
                  | {Regen+ Str+3 Slay+2}.
 16821 | D:11     | 16821 ||| DROPPING +0 plate armour.
 16822 | D:11     | 16822 ||| UPGRADING to +1 helmet.
 16827 | D:11     | 16827 ||| READING scroll labelled EFO ABEDEGE.
 16920 | D:12     | 16920 ||| Stepping ~*~*~tactically~*~*~ (stealth).
 16923 | D:12     | 16923 ||| Stepping ~*~*~tactically~*~*~ (stealth).
 17008 | D:12     | 17008 ||| Stepping ~*~*~tactically~*~*~ (hiding).
 17009 | D:12     | 17009 ||| Stepping ~*~*~tactically~*~*~ (hiding).
 17010 | D:12     | 17010 ||| Stepping ~*~*~tactically~*~*~ (hiding).
 17136 | D:12     | 17136 ||| INVOKING Heroism.
 17238 | D:12     | 17238 ||| Stepping ~*~*~tactically~*~*~ (stealth).
 17242 | D:12     | 17242 ||| Stepping ~*~*~tactically~*~*~ (hiding).
 17261 | D:12     | 17261 ||| Stepping ~*~*~tactically~*~*~ (stealth).
 17264 | D:12     | 17264 ||| Stepping ~*~*~tactically~*~*~ (stealth).
 17265 | D:12     | 17265 ||| Stepping ~*~*~tactically~*~*~ (stealth).
 17350 | D:12     | 17350 ||| INVOKING Heroism.
 17351 | D:12     | 17351 ||| INVOKING Finesse.
 17735 | D:13     | 17735 ||| INVOKING Heroism.
 17736 | D:13     | 17736 ||| INVOKING Finesse.
 17793 | D:13     | 17793 ||| READING 4 scrolls of teleportation.
 17796 | D:13     | Reached skill level 12 in Fighting
 17890 | D:13     | Reached XP level 15. HP: 96/96 MP: 22/22
 17934 | D:13     | 17934 ||| Stepping ~*~*~tactically~*~*~ (hiding).
 17935 | D:13     | 17935 ||| Stepping ~*~*~tactically~*~*~ (hiding).
 18092 | D:13     | 18092 ||| INVOKING Heroism.
 18097 | D:13     | 18097 ||| Stepping ~*~*~tactically~*~*~ (stealth).
 18098 | D:13     | 18098 ||| Stepping ~*~*~tactically~*~*~ (stealth).
 18101 | D:13     | 18101 ||| Stepping ~*~*~tactically~*~*~ (stealth).
 18106 | D:13     | 18106 ||| Stepping ~*~*~tactically~*~*~ (stealth).
 18121 | D:13     | 18121 ||| INVOKING Heroism.
 18347 | D:13     | Found a portal to a secret trove of treasure.
 18397 | D:13     | 18397 ||| READING 9 scrolls of identify.
 18397 | D:13     | 18397 ||| IDENTIFYING lumpy silvery potion
 18398 | D:13     | 18398 ||| DROPPING potion of degeneration.
 18423 | D:14     | 18423 ||| PLANNING GAUNTLET
 18541 | D:14     | Identified the +0 chain mail of Nakyizonn {rCorr Str-2
                  | Int+8}
 18552 | D:14     | 18552 ||| INVOKING Heroism.
 18610 | D:14     | 18610 ||| INVOKING Heroism.
 18611 | D:14     | 18611 ||| INVOKING Finesse.
 18616 | D:14     | 18616 ||| Stepping ~*~*~tactically~*~*~ (hiding).
 18617 | D:14     | 18617 ||| Stepping ~*~*~tactically~*~*~ (hiding).
 18631 | D:14     | 18631 ||| Stepping ~*~*~tactically~*~*~ (hiding).
 18632 | D:14     | 18632 ||| Stepping ~*~*~tactically~*~*~ (hiding).
 18653 | D:14     | Received a gift from Okawaru
 18714 | D:14     | Found a gate to the Vaults.
 18819 | D:14     | Found a gate leading to a gauntlet.
 18821 | D:14     | 18821 ||| DROPPING amulet of guardian spirit.
 18822 | D:14     | 18822 ||| READING 8 scrolls of identify.
 18822 | D:14     | 18822 ||| IDENTIFYING sedimented dark potion
 18831 | Gauntlet | Entered a Gauntlet
 18831 | Gauntlet | Found a transporter.
 18831 | Gauntlet | Found a transporter.
 18832 | Gauntlet | Found a transporter.
 18855 | Gauntlet | Found a transporter.
 18865 | Gauntlet | Found a transporter.
 18867 | Gauntlet | Found a transporter.
 18869 | Gauntlet | Found a large runed translucent door.
 18870 | Gauntlet | Found a large runed translucent door.
 18871 | Gauntlet | Found a large runed translucent door.
 18871 | Gauntlet | Found a large runed translucent door.
 18871 | Gauntlet | Found a runed translucent door.
 18872 | Gauntlet | Found a large runed translucent door.
 18873 | Gauntlet | Found a large runed translucent door.
 18874 | Gauntlet | Found a large runed translucent door.
 18874 | Gauntlet | Found a large runed translucent door.
 18875 | Gauntlet | Found a runed translucent gate.
 18875 | Gauntlet | Found a runed translucent gate.
 18877 | Gauntlet | Found a transporter.
 18886 | Gauntlet | Found a runed translucent gate.
 18887 | Gauntlet | Found a large runed translucent door.
 18888 | Gauntlet | Found a large runed translucent door.
 18889 | Gauntlet | Found a large runed translucent door.
 18896 | Gauntlet | Found a runed translucent door.
 18897 | Gauntlet | Found a transporter.
 18898 | Gauntlet | Found a runed translucent door.
 18912 | Gauntlet | Found a transporter.
 18915 | Gauntlet | Found a transporter.
 18923 | Gauntlet | Found a transporter.
 18926 | Gauntlet | Found a transporter.
 18966 | Gauntlet | Found a large runed translucent door.
 18967 | Gauntlet | Found a large runed translucent door.
 18968 | Gauntlet | Found a large runed translucent door.
 18968 | Gauntlet | Found a large runed translucent door.
 18968 | Gauntlet | Found a runed translucent door.
 18969 | Gauntlet | Found a large runed translucent door.
 19000 | Gauntlet | 19000 ||| DROPPING ring of willpower.
 19034 | Gauntlet | 19034 ||| INVOKING Heroism.
 19035 | Gauntlet | 19035 ||| SWAPPING to +2 hand axe of Success {flame, rF+
                  | Str+2 Int+5}.
 19041 | Gauntlet | 19041 ||| SWAPPING to +4 broad axe of freezing.
 19048 | Gauntlet | 19048 ||| UPGRADING to scarf of repulsion.
 19088 | Gauntlet | 19088 ||| Stepping ~*~*~tactically~*~*~ (stealth).
 19089 | Gauntlet | 19089 ||| Stepping ~*~*~tactically~*~*~ (stealth).
 19091 | Gauntlet | 19091 ||| Stepping ~*~*~tactically~*~*~ (stealth).
 19192 | Gauntlet | 19192 ||| UPGRADING to +2 plate armour of cold resistance.
 19227 | D:14     | 19227 ||| PLANNING D
 19264 | D:14     | 19264 ||| Stepping ~*~*~tactically~*~*~ (hiding).
 19600 | D:15     | Entered Level 15 of the Dungeon
 19616 | D:15     | 19616 ||| Stepping ~*~*~tactically~*~*~ (hiding).
 19619 | D:15     | 19619 ||| Stepping ~*~*~tactically~*~*~ (hiding).
 19627 | D:15     | Received a gift from Okawaru
 19745 | D:15     | 19745 ||| INVOKING Heroism.
 20103 | D:15     | Reached skill level 6 in Throwing
 20105 | D:15     | Found a staircase to the Depths.
 20106 | D:15     | 20106 ||| INVOKING Heroism.
 20114 | D:15     | Received a gift from Okawaru
 20148 | D:15     | 20148 ||| SWAPPING to +2 vampiric broad axe.
 20380 | D:15     | Found a glowing golden altar of the Shining One.
 20442 | D:15     | 20442 ||| Stepping ~*~*~tactically~*~*~ (stealth).
 20448 | D:15     | 20448 ||| INVOKING Heroism.
 20450 | D:15     | 20450 ||| Stepping ~*~*~tactically~*~*~ (stealth).
 20718 | D:15     | 20718 ||| INVOKING Heroism.
 20719 | D:15     | 20719 ||| READING 3 scrolls of teleportation.
 20930 | D:15     | 20930 ||| Stepping ~*~*~tactically~*~*~ (stealth).
 20931 | D:15     | 20931 ||| Stepping ~*~*~tactically~*~*~ (stealth).
 20956 | D:15     | 20956 ||| Stepping ~*~*~tactically~*~*~ (stealth).
 20959 | D:15     | 20959 ||| Stepping ~*~*~tactically~*~*~ (stealth).
 20961 | D:15     | 20961 ||| Stepping ~*~*~tactically~*~*~ (stealth).
 20963 | D:15     | 20963 ||| INVOKING Heroism.
 20970 | D:15     | 20970 ||| READING 2 scrolls of teleportation.
 21101 | D:15     | 21101 ||| Stepping ~*~*~tactically~*~*~ (stealth).
 21113 | D:15     | 21113 ||| INVOKING Heroism.
 21258 | D:15     | 21258 ||| PLANNING ORC
 21258 | D:15     | 21258 ||| DROPPING ring of positive energy.
 21354 | Orc:1    | Entered Level 1 of the Orcish Mines
 21387 | Orc:1    | 21387 ||| Stepping ~*~*~tactically~*~*~ (hiding).
 21390 | Orc:1    | 21390 ||| Stepping ~*~*~tactically~*~*~ (hiding).
 21473 | Orc:2    | Entered Level 2 of the Orcish Mines
 21473 | Orc:2    | Found a staircase to the Elven Halls.
 21489 | Orc:1    | 21489 ||| INVOKING Heroism.
 21519 | Orc:1    | Received a gift from Okawaru
 21583 | Orc:1    | 21583 ||| Stepping ~*~*~tactically~*~*~ (stealth).
 21585 | Orc:1    | 21585 ||| Stepping ~*~*~tactically~*~*~ (stealth).
 21587 | Orc:1    | 21587 ||| INVOKING Heroism.
 21589 | Orc:1    | 21589 ||| Stepping ~*~*~tactically~*~*~ (stealth).
 21770 | Orc:2    | 21770 ||| INVOKING Heroism.
 21799 | Orc:2    | 21799 ||| Stepping ~*~*~tactically~*~*~ (stealth).
 21800 | Orc:2    | 21800 ||| Stepping ~*~*~tactically~*~*~ (stealth).
 21801 | Orc:2    | Paralysed by an orc sorcerer for 2 turns
 21810 | Orc:2    | 21810 ||| INVOKING Heroism.
 21876 | Orc:2    | 21876 ||| Stepping ~*~*~tactically~*~*~ (hiding).
 21879 | Orc:2    | 21879 ||| Stepping ~*~*~tactically~*~*~ (hiding).
 21882 | Orc:2    | 21882 ||| INVOKING Heroism.
 21885 | Orc:2    | 21885 ||| Stepping ~*~*~tactically~*~*~ (hiding).
 21922 | Orc:2    | Noticed an orc warlord
 21923 | Orc:2    | 21923 ||| INVOKING Finesse.
 21953 | Orc:2    | Killed an orc warlord
 21980 | Orc:2    | 21980 ||| Stepping ~*~*~tactically~*~*~ (stealth).
 21992 | Orc:2    | 21992 ||| INVOKING Heroism.
 22009 | Orc:2    | Found Baxkimn's Antique Weapon Emporium.
 22018 | Orc:2    | Found Rumpent's Antique Armour Emporium.
 22030 | Orc:2    | Reached XP level 16. HP: 101/101 MP: 23/23
 22052 | Orc:2    | 22052 ||| BUYING pair of scorched gloves (285 gold).
 22052 | Orc:2    | Bought a pair of scorched gloves for 285 gold pieces
 22052 | Orc:2    | Identified the +0 pair of gloves of Impatience {rF++} (You
                  | bought it in a shop on level 2 of the Orcish Mines)
 22153 | Orc:2    | Found Soullej's General Store.
 22290 | Orc:2    | Found Eclemaf's Book Emporium.
 22441 | Orc:2    | 22441 ||| PLANNING SPIDER:1-3
 22441 | Orc:2    | 22441 ||| UPGRADING to +0 pair of gloves of Impatience
                  | {rF++}.
 22596 | Spider:1 | Entered Level 1 of the Spider Nest
 22633 | Spider:1 | Found a transporter.
 22788 | Spider:1 | 22788 ||| Stepping ~*~*~tactically~*~*~ (stealth).
 22792 | Spider:1 | 22792 ||| INVOKING Finesse.
 22812 | Spider:1 | 22812 ||| INVOKING Heroism.
 22826 | Spider:1 | Found a transporter.
 22850 | Spider:1 | 22850 ||| Stepping ~*~*~tactically~*~*~ (hiding).
 22867 | Spider:1 | 22867 ||| Stepping ~*~*~tactically~*~*~ (stealth).
 23495 | Spider:2 | 23495 ||| Stepping ~*~*~tactically~*~*~ (hiding).
 23501 | Spider:2 | 23501 ||| SWAPPING to +2 hand axe of Success {flame, rF+
                  | Str+2 Int+5}.
 23512 | Spider:2 | 23512 ||| SWAPPING to +2 vampiric broad axe.
 23517 | Spider:2 | 23517 ||| Stepping ~*~*~tactically~*~*~ (cloud).
 23519 | Spider:2 | 23519 ||| Stepping ~*~*~tactically~*~*~ (stealth).
 23650 | Spider:2 | 23650 ||| INVOKING Heroism.
 23669 | Spider:2 | Received a gift from Okawaru
 23672 | Spider:2 | Reached skill level 13 in Fighting
 23704 | Spider:2 | 23704 ||| DROPPING +0 war axe of electrocution.
 23836 | Spider:2 | 23836 ||| Stepping ~*~*~tactically~*~*~ (stealth).
 23841 | Spider:2 | 23841 ||| Stepping ~*~*~tactically~*~*~ (stealth).
 23849 | Spider:2 | 23849 ||| INVOKING Heroism.
 23881 | Spider:2 | 23881 ||| SWAPPING to +2 hand axe of Success {flame, rF+
                  | Str+2 Int+5}.
 23889 | Spider:2 | 23889 ||| INVOKING Heroism.
 23892 | Spider:2 | 23892 ||| SWAPPING to +2 vampiric broad axe.
 23980 | Spider:2 | 23980 ||| Stepping ~*~*~tactically~*~*~ (stealth).
 24028 | Spider:2 | 24028 ||| Stepping ~*~*~tactically~*~*~ (stealth).
 24063 | Spider:2 | 24063 ||| Stepping ~*~*~tactically~*~*~ (hiding).
 24162 | Spider:2 | 24162 ||| Stepping ~*~*~tactically~*~*~ (stealth).
 24270 | Spider:2 | 24270 ||| Stepping ~*~*~tactically~*~*~ (stealth).
 24314 | Spider:2 | 24314 ||| INVOKING Heroism.
 24325 | Spider:2 | Reached skill level 12 in Armour
 24331 | Spider:2 | 24331 ||| Stepping ~*~*~tactically~*~*~ (stealth).
 24332 | Spider:2 | 24332 ||| Stepping ~*~*~tactically~*~*~ (stealth).
 24500 | Spider:2 | 24500 ||| READING scroll of enchant weapon.
 24500 | Spider:2 | 24500 ||| ENCHANTING +2 vampiric broad axe.
 24579 | Spider:2 | 24579 ||| INVOKING Heroism.
 24581 | Spider:2 | 24581 ||| Stepping ~*~*~tactically~*~*~ (hiding).
 24664 | Spider:2 | 24664 ||| Stepping ~*~*~tactically~*~*~ (stealth).
 24908 | Spider:3 | 24908 ||| Stepping ~*~*~tactically~*~*~ (hiding).
 24909 | Spider:3 | 24909 ||| Stepping ~*~*~tactically~*~*~ (hiding).
 24918 | Spider:3 | Received a gift from Okawaru
 24920 | Spider:3 | Noticed Agnes
 24922 | Spider:3 | 24922 ||| INVOKING Heroism.
 24931 | Spider:3 | Killed Agnes
 24951 | Spider:3 | 24951 ||| Stepping ~*~*~tactically~*~*~ (stealth).
 24957 | Spider:3 | 24957 ||| FLEEEEING.
 24983 | Spider:3 | Received a gift from Okawaru
 24985 | Spider:3 | 24985 ||| Stepping ~*~*~tactically~*~*~ (stealth).
 25003 | Spider:3 | 25003 ||| Stepping ~*~*~tactically~*~*~ (hiding).
 25004 | Spider:3 | 25004 ||| Stepping ~*~*~tactically~*~*~ (hiding).
 25085 | Spider:3 | 25085 ||| DRINKING 7 potions of curing.
 25085 | Spider:3 | 25085 ||| (to cure confusion)
 25128 | Spider:3 | Received a gift from Okawaru
 25183 | Spider:3 | 25183 ||| INVOKING Heroism.
 25254 | Spider:3 | HP: 19/104 [meliai/divine providence (16)]
 25255 | Spider:3 | 25255 ||| READING scroll of teleportation.
 25256 | Spider:3 | 25256 ||| DRINKING 6 potions of heal wounds.
 25257 | Spider:3 | 25257 ||| INVOKING Heroism.
 25259 | Spider:3 | 25259 ||| DRINKING 5 potions of heal wounds.
 25411 | Spider:3 | 25411 ||| Stepping ~*~*~tactically~*~*~ (stealth).
 25445 | Spider:3 | Reached skill level 18 in Axes
 25615 | Spider:3 | 25615 ||| FLEEEEING.
 25616 | Spider:3 | 25616 ||| FLEEEEING.
 25617 | Spider:3 | 25617 ||| FLEEEEING.
 25618 | Spider:3 | 25618 ||| FLEEEEING.
 25619 | Spider:3 | 25619 ||| FLEEEEING.
 25620 | Spider:3 | 25620 ||| FLEEEEING.
 25621 | Spider:3 | 25621 ||| FLEEEEING.
 25622 | Spider:3 | 25622 ||| FLEEEEING.
 25623 | Spider:3 | 25623 ||| FLEEEEING.
 25624 | Spider:3 | 25624 ||| STAIRDANCE
 25626 | Spider:2 | 25626 ||| DROPPING amulet of faith.
 25629 | Spider:3 | 25629 ||| STAIRDANCE
 25659 | Spider:3 | 25659 ||| INVOKING Finesse.
 25687 | Spider:3 | Noticed Arachne
 25688 | Spider:3 | 25688 ||| INVOKING Heroism.
 25702 | Spider:3 | Killed Arachne
 25893 | Spider:3 | 25893 ||| INVOKING Heroism.
 25900 | Spider:3 | Reached XP level 17. HP: 109/109 MP: 24/24
 26122 | Spider:3 | 26122 ||| Stepping ~*~*~tactically~*~*~ (stealth).
 26123 | Spider:3 | 26123 ||| Stepping ~*~*~tactically~*~*~ (stealth).
 26124 | Spider:3 | 26124 ||| Stepping ~*~*~tactically~*~*~ (stealth).
 26125 | Spider:3 | 26125 ||| INVOKING Finesse.
 26162 | Spider:3 | 26162 ||| Stepping ~*~*~tactically~*~*~ (stealth).
 26164 | Spider:3 | Noticed Aizul
 26165 | Spider:3 | 26165 ||| Stepping ~*~*~tactically~*~*~ (hiding).
 26166 | Spider:3 | 26166 ||| Stepping ~*~*~tactically~*~*~ (hiding).
 26167 | Spider:3 | 26167 ||| INVOKING Heroism.
 26200 | Spider:3 | Killed Aizul
 26406 | Spider:3 | Received a gift from Okawaru
 26473 | Spider:3 | 26473 ||| Stepping ~*~*~tactically~*~*~ (stealth).
 26475 | Spider:3 | 26475 ||| Stepping ~*~*~tactically~*~*~ (hiding).
 26592 | Spider:3 | 26592 ||| Stepping ~*~*~tactically~*~*~ (stealth).
 26594 | Spider:3 | 26594 ||| Stepping ~*~*~tactically~*~*~ (stealth).
 26612 | Spider:3 | 26612 ||| Stepping ~*~*~tactically~*~*~ (stealth).
 26641 | Spider:3 | 26641 ||| INVOKING Heroism.
 26654 | Spider:3 | Reached skill level 14 in Fighting
 26916 | Spider:3 | 26916 ||| INVOKING Heroism.
 27077 | Spider:3 | 27077 ||| PLANNING SHOALS:1-3
 27232 | Shoals:1 | Entered Level 1 of the Shoals
 27249 | Shoals:1 | 27249 ||| INVOKING Heroism.
 27373 | Shoals:1 | Found Domobov's Magic Scroll Boutique.
 27394 | Shoals:1 | Received a gift from Okawaru
 27442 | Shoals:1 | 27442 ||| READING scroll of enchant armour.
 27442 | Shoals:1 | 27442 ||| ENCHANTING +1 helmet.
 27446 | Shoals:1 | 27446 ||| BUYING scroll of enchant armour (127 gold).
 27446 | Shoals:1 | Bought a scroll of enchant armour for 127 gold pieces
 27446 | Shoals:1 | 27446 ||| BUYING scroll of teleportation (51 gold).
 27446 | Shoals:1 | Bought a scroll of teleportation for 51 gold pieces
 27446 | Shoals:1 | 27446 ||| READING scroll of enchant armour.
 27446 | Shoals:1 | 27446 ||| ENCHANTING +2 plate armour of cold resistance.
 27525 | Shoals:1 | 27525 ||| READING scroll of enchant weapon.
 27525 | Shoals:1 | 27525 ||| ENCHANTING +3 vampiric broad axe.
 27613 | Shoals:1 | Received a gift from Okawaru
 27625 | Shoals:1 | 27625 ||| Stepping ~*~*~tactically~*~*~ (hiding).
 27698 | Shoals:1 | 27698 ||| READING scroll of enchant weapon.
 27698 | Shoals:1 | 27698 ||| ENCHANTING +4 vampiric broad axe.
 27706 | Shoals:1 | 27706 ||| INVOKING Heroism.
 27943 | Shoals:1 | 27943 ||| INVOKING Heroism.
 28299 | Shoals:2 | Received a gift from Okawaru
 28503 | Shoals:2 | 28503 ||| Stepping ~*~*~tactically~*~*~ (hiding).
 28586 | Shoals:2 | 28586 ||| READING scroll of enchant armour.
 28586 | Shoals:2 | 28586 ||| ENCHANTING +3 plate armour of cold resistance.
 28596 | Shoals:2 | 28596 ||| READING scroll of enchant armour.
 28596 | Shoals:2 | 28596 ||| ENCHANTING +4 plate armour of cold resistance.
 28603 | Shoals:2 | Identified the ring "Sicahaheda" {Fly Int-4 Dex+5}
 28679 | Shoals:2 | Noticed a kraken
 28691 | Shoals:2 | Killed a kraken
 28949 | Shoals:2 | Received a gift from Okawaru
 29098 | Shoals:2 | 29098 ||| DROPPING +4 scale mail of Ashenzari's Hope
                  | {Regen+ Str+3 Slay+2}.
 29099 | Shoals:2 | 29099 ||| DROPPING ring "Sicahaheda" {Fly Int-4 Dex+5}.
 29143 | Shoals:3 | 29143 ||| INVOKING Heroism.
 29165 | Shoals:3 | Noticed Ilsuiw
 29166 | Shoals:3 | 29166 ||| INVOKING Heroism.
 29215 | Shoals:3 | Killed Ilsuiw
 29256 | Shoals:3 | Received a gift from Okawaru
 29271 | Shoals:3 | 29271 ||| READING scroll of enchant weapon.
 29271 | Shoals:3 | 29271 ||| ENCHANTING +5 vampiric broad axe.
 29303 | Shoals:3 | Noticed a kraken
 29313 | Shoals:3 | Killed a kraken
 29345 | Shoals:3 | Received a gift from Okawaru
 29360 | Shoals:3 | Reached skill level 15 in Fighting
 29453 | Shoals:3 | 29453 ||| INVOKING Heroism.
 29476 | Shoals:3 | Noticed Kirke
 29493 | Shoals:3 | Killed Kirke
 29530 | Shoals:3 | 29530 ||| INVOKING Heroism.
 29613 | Shoals:3 | 29613 ||| Stepping ~*~*~tactically~*~*~ (stealth).
 29615 | Shoals:3 | 29615 ||| Stepping ~*~*~tactically~*~*~ (hiding).
 29617 | Shoals:3 | 29617 ||| Stepping ~*~*~tactically~*~*~ (hiding).
 29622 | Shoals:3 | 29622 ||| Stepping ~*~*~tactically~*~*~ (hiding).
 29659 | Shoals:3 | 29659 ||| INVOKING Heroism.
 29777 | Shoals:3 | 29777 ||| INVOKING Heroism.
 29866 | Shoals:3 | 29866 ||| READING scroll of acquirement.
 29866 | Shoals:3 | 29866 ||| ACQUIRING +0 pair of gloves of the Watchman {SInv
                  | Stlth+}
 29866 | Shoals:3 | Acquired the +0 pair of gloves of the Watchman {SInv
                  | Stlth+}
 30026 | Shoals:3 | 30026 ||| PLANNING SPIDER:4
 30238 | Spider:4 | Entered Level 4 of the Spider Nest
 30344 | Spider:4 | 30344 ||| INVOKING Finesse.
 30355 | Spider:4 | 30355 ||| Stepping ~*~*~tactically~*~*~ (hiding).
 30366 | Spider:4 | 30366 ||| Stepping ~*~*~tactically~*~*~ (hiding).
 30374 | Spider:4 | Received a gift from Okawaru
 30392 | Spider:4 | 30392 ||| INVOKING Heroism.
 30404 | Spider:4 | 30404 ||| Stepping ~*~*~tactically~*~*~ (stealth).
 30428 | Spider:4 | Reached XP level 18. HP: 119/119 MP: 25/25
 30435 | Spider:4 | 30435 ||| DROPPING +2 hand axe of Success {flame, rF+ Str+2
                  | Int+5}.
 30436 | Spider:4 | 30436 ||| DROPPING +6 hand axe of flaming.
 30455 | Spider:4 | 30455 ||| INVOKING Heroism.
 30542 | Spider:4 | HP: 27/119 [something (8)]
 30543 | Spider:4 | 30543 ||| READING 4 scrolls of teleportation.
 30543 | Spider:4 | HP: 7/119 [disintegration (21)]
 30544 | Spider:4 | 30544 ||| DRINKING 4 potions of heal wounds.
 30545 | Spider:4 | 30545 ||| DRINKING 3 potions of heal wounds.
 30573 | Spider:4 | 30573 ||| INVOKING Heroism.
 30574 | Spider:4 | 30574 ||| INVOKING Finesse.
 30576 | Spider:4 | 30576 ||| Stepping ~*~*~tactically~*~*~ (hiding).
 30577 | Spider:4 | 30577 ||| FLEEEEING.
 30610 | Spider:4 | 30610 ||| Stepping ~*~*~tactically~*~*~ (stealth).
 30634 | Spider:4 | 30634 ||| Stepping ~*~*~tactically~*~*~ (stealth).
 30635 | Spider:4 | 30635 ||| Stepping ~*~*~tactically~*~*~ (stealth).
 30636 | Spider:4 | 30636 ||| Stepping ~*~*~tactically~*~*~ (stealth).
 30651 | Spider:4 | 30651 ||| Stepping ~*~*~tactically~*~*~ (stealth).
 30652 | Spider:4 | 30652 ||| Stepping ~*~*~tactically~*~*~ (stealth).
 30679 | Spider:4 | 30679 ||| Stepping ~*~*~tactically~*~*~ (stealth).
 30722 | Spider:4 | Reached skill level 15 in Shields
 30880 | Spider:4 | 30880 ||| Stepping ~*~*~tactically~*~*~ (stealth).
 30905 | Spider:4 | 30905 ||| Stepping ~*~*~tactically~*~*~ (hiding).
 30907 | Spider:4 | 30907 ||| Stepping ~*~*~tactically~*~*~ (hiding).
 30910 | Spider:4 | 30910 ||| INVOKING Finesse.
 30916 | Spider:4 | Received a gift from Okawaru
 30974 | Spider:4 | 30974 ||| Stepping ~*~*~tactically~*~*~ (stealth).
 30975 | Spider:4 | 30975 ||| INVOKING Heroism.
 31009 | Spider:4 | Got a gossamer rune of Zot
 31057 | Spider:4 | 31057 ||| INVOKING Heroism.
 31157 | Spider:4 | Noticed Asterion
 31158 | Spider:4 | 31158 ||| INVOKING Heroism.
 31176 | Spider:4 | Killed Asterion
 31271 | Spider:4 | 31271 ||| Stepping ~*~*~tactically~*~*~ (hiding).
 31272 | Spider:4 | 31272 ||| Stepping ~*~*~tactically~*~*~ (hiding).
 31274 | Spider:4 | 31274 ||| INVOKING Heroism.
 31280 | Spider:4 | Reached skill level 9 in Throwing
 31302 | Spider:4 | 31302 ||| DRINKING 6 potions of curing.
 31302 | Spider:4 | 31302 ||| (to cure confusion)
 31311 | Spider:4 | Received a gift from Okawaru
 31325 | Spider:4 | 31325 ||| Stepping ~*~*~tactically~*~*~ (stealth).
 31354 | Spider:4 | 31354 ||| READING scroll of acquirement.
 31354 | Spider:4 | 31354 ||| ACQUIRING +1 vampiric broad axe
 31354 | Spider:4 | Acquired a +1 vampiric broad axe
 31383 | Spider:4 | 31383 ||| INVOKING Heroism.
 31399 | Spider:4 | 31399 ||| Stepping ~*~*~tactically~*~*~ (stealth).
 31400 | Spider:4 | 31400 ||| Stepping ~*~*~tactically~*~*~ (stealth).
 31415 | Spider:4 | 31415 ||| Stepping ~*~*~tactically~*~*~ (stealth).
 31418 | Spider:4 | 31418 ||| Stepping ~*~*~tactically~*~*~ (hiding).
 31420 | Spider:4 | 31420 ||| Stepping ~*~*~tactically~*~*~ (hiding).
 31432 | Spider:4 | 31432 ||| INVOKING Heroism.
 31665 | Spider:4 | 31665 ||| PLANNING VAULTS:1-4
 31665 | Spider:4 | 31665 ||| DROPPING scarf of repulsion.
 31666 | Spider:4 | 31666 ||| DROPPING scarf of shadows.
 31667 | Spider:4 | 31667 ||| DROPPING +4 ring of protection.
 31901 | Vaults:1 | Entered Level 1 of the Vaults
 31908 | Vaults:1 | 31908 ||| INVOKING Heroism.
 32086 | Vaults:1 | Reached skill level 16 in Fighting
 32116 | Vaults:1 | Received a gift from Okawaru
 32175 | Vaults:1 | 32175 ||| Stepping ~*~*~tactically~*~*~ (hiding).
 32229 | Vaults:1 | 32229 ||| Stepping ~*~*~tactically~*~*~ (stealth).
 32320 | Vaults:1 | 32320 ||| Stepping ~*~*~tactically~*~*~ (hiding).
 32369 | Vaults:1 | Reached skill level 15 in Armour
 32385 | Vaults:1 | 32385 ||| Stepping ~*~*~tactically~*~*~ (hiding).
 32386 | Vaults:1 | 32386 ||| Stepping ~*~*~tactically~*~*~ (hiding).
 32409 | Vaults:1 | 32409 ||| Stepping ~*~*~tactically~*~*~ (hiding).
 32410 | Vaults:1 | 32410 ||| Stepping ~*~*~tactically~*~*~ (hiding).
 32455 | Vaults:1 | 32455 ||| Stepping ~*~*~tactically~*~*~ (hiding).
 32659 | Vaults:1 | 32659 ||| Stepping ~*~*~tactically~*~*~ (hiding).
 32661 | Vaults:1 | 32661 ||| Stepping ~*~*~tactically~*~*~ (hiding).
 32678 | Vaults:1 | 32678 ||| Stepping ~*~*~tactically~*~*~ (stealth).
 32680 | Vaults:1 | 32680 ||| Stepping ~*~*~tactically~*~*~ (hiding).
 32771 | Vaults:1 | 32771 ||| FLEEEEING.
 32772 | Vaults:1 | 32772 ||| FLEEEEING.
 32773 | Vaults:1 | 32773 ||| FLEEEEING.
 32774 | Vaults:1 | 32774 ||| FLEEEEING.
 32776 | Vaults:1 | 32776 ||| FLEEEEING.
 32777 | Vaults:1 | 32777 ||| FLEEEEING.
 32778 | Vaults:1 | 32778 ||| FLEEEEING.
 32779 | Vaults:1 | 32779 ||| FLEEEEING.
 32780 | Vaults:1 | 32780 ||| FLEEEEING.
 32781 | Vaults:1 | 32781 ||| FLEEEEING.
 32782 | Vaults:1 | 32782 ||| FLEEEEING.
 32783 | Vaults:1 | 32783 ||| FLEEEEING.
 32784 | Vaults:1 | 32784 ||| FLEEEEING.
 32785 | Vaults:1 | 32785 ||| FLEEEEING.
 32786 | Vaults:1 | 32786 ||| FLEEEEING.
 32787 | Vaults:1 | 32787 ||| FLEEEEING.
 32788 | Vaults:1 | 32788 ||| FLEEEEING.
 32789 | Vaults:1 | 32789 ||| FLEEEEING.
 32790 | Vaults:1 | 32790 ||| FLEEEEING.
 32791 | Vaults:1 | 32791 ||| FLEEEEING.
 32792 | Vaults:1 | 32792 ||| FLEEEEING.
 32793 | Vaults:1 | 32793 ||| FLEEEEING.
 32794 | Vaults:1 | 32794 ||| FLEEEEING.
 32795 | Vaults:1 | 32795 ||| FLEEEEING.
 32796 | Vaults:1 | 32796 ||| FLEEEEING.
 32797 | Vaults:1 | 32797 ||| FLEEEEING.
 32798 | Vaults:1 | 32798 ||| FLEEEEING.
 32799 | Vaults:1 | 32799 ||| FLEEEEING.
 32800 | Vaults:1 | 32800 ||| FLEEEEING.
 32801 | Vaults:1 | 32801 ||| FLEEEEING.
 32802 | Vaults:1 | 32802 ||| FLEEEEING.
 32803 | Vaults:1 | 32803 ||| FLEEEEING.
 32804 | Vaults:1 | 32804 ||| FLEEEEING.
 32805 | Vaults:1 | 32805 ||| FLEEEEING.
 32806 | Vaults:1 | 32806 ||| FLEEEEING.
 32809 | Vaults:1 | 32809 ||| FLEEEEING.
 32810 | Vaults:1 | 32810 ||| FLEEEEING.
 32811 | Vaults:1 | 32811 ||| FLEEEEING.
 32831 | Vaults:1 | 32831 ||| DRINKING 5 potions of curing.
 32831 | Vaults:1 | 32831 ||| (to cure confusion)
 32943 | Vaults:1 | 32943 ||| READING scroll of enchant armour.
 32943 | Vaults:1 | 32943 ||| ENCHANTING +5 plate armour of cold resistance.
 33245 | Vaults:1 | 33245 ||| UPGRADING to +0 tower shield.
 33255 | Vaults:1 | 33255 ||| DROPPING +0 kite shield.
 33256 | Vaults:1 | 33256 ||| DROPPING +0 fire dragon scales.
 33329 | Vaults:2 | 33329 ||| PLANNING DESOLATION
 33336 | Vaults:2 | Noticed Zenata
 33337 | Vaults:2 | 33337 ||| INVOKING Heroism.
 33338 | Vaults:2 | 33338 ||| INVOKING Finesse.
 33359 | Vaults:2 | Killed Zenata
 33359 | Vaults:2 | Received a gift from Okawaru
 33397 | Vaults:2 | Reached XP level 19. HP: 127/127 MP: 26/26
 33400 | Vaults:2 | Received a gift from Okawaru
 33621 | Vaults:2 | Noticed Saint Roka
 33622 | Vaults:2 | 33622 ||| INVOKING Heroism.
 33623 | Vaults:2 | 33623 ||| INVOKING Finesse.
 33654 | Vaults:2 | Killed Saint Roka
 33704 | Vaults:2 | 33704 ||| INVOKING Heroism.
 33808 | Vaults:2 | Found a staircase to the Crypt.
 33850 | Vaults:2 | Received a gift from Okawaru
 33924 | Vaults:2 | Received a gift from Okawaru
 34002 | Vaults:2 | Identified the +1 cloak of Athiemum {rN+ Int+2 SInv}
                  | (Okawaru gifted it to you on level 2 of the Vaults)
 34002 | Vaults:2 | Received a gift from Okawaru
 34150 | Vaults:2 | 34150 ||| RIP DESOLATION
 34161 | Vaults:2 | 34161 ||| PLANNING VAULTS:1-4
 34282 | Vaults:2 | 34282 ||| Stepping ~*~*~tactically~*~*~ (hiding).
 34284 | Vaults:2 | 34284 ||| FLEEEEING.
 34317 | Vaults:2 | 34317 ||| INVOKING Heroism.
 34531 | Vaults:2 | 34531 ||| READING scroll of enchant armour.
 34531 | Vaults:2 | 34531 ||| ENCHANTING +6 plate armour of cold resistance.
 34539 | Vaults:2 | 34539 ||| Stepping ~*~*~tactically~*~*~ (stealth).
 34767 | Vaults:2 | 34767 ||| INVOKING Finesse.
 34856 | Vaults:2 | 34856 ||| DROPPING +0 cloak.
 34857 | Vaults:2 | 34857 ||| UPGRADING to +1 cloak of Athiemum {rN+ Int+2
                  | SInv}.
 34867 | Vaults:2 | 34867 ||| DROPPING scarf of repulsion.
 34919 | Vaults:3 | 34919 ||| STAIRDANCE
 34921 | Vaults:2 | 34921 ||| INVOKING Heroism.
 34929 | Vaults:2 | Reached skill level 18 in Shields
 35017 | Vaults:3 | 35017 ||| FLEEEEING.
 35169 | Vaults:3 | 35169 ||| FLEEEEING.
 35170 | Vaults:3 | 35170 ||| FLEEEEING.
 35171 | Vaults:3 | 35171 ||| FLEEEEING.
 35172 | Vaults:3 | 35172 ||| FLEEEEING.
 35173 | Vaults:3 | 35173 ||| FLEEEEING.
 35174 | Vaults:3 | 35174 ||| FLEEEEING.
 35175 | Vaults:3 | 35175 ||| FLEEEEING.
 35176 | Vaults:3 | 35176 ||| FLEEEEING.
 35177 | Vaults:3 | 35177 ||| FLEEEEING.
 35178 | Vaults:3 | 35178 ||| FLEEEEING.
 35179 | Vaults:3 | 35179 ||| FLEEEEING.
 35180 | Vaults:3 | 35180 ||| FLEEEEING.
 35186 | Vaults:3 | 35186 ||| FLEEEEING.
 35187 | Vaults:3 | 35187 ||| STAIRDANCE
 35267 | Vaults:3 | Paralysed by a great orb of eyes for 2 turns
 35269 | Vaults:3 | 35269 ||| STAIRDANCE
 35337 | Vaults:3 | Paralysed by a great orb of eyes for 3 turns
 35435 | Vaults:3 | 35435 ||| Stepping ~*~*~tactically~*~*~ (hiding).
 35438 | Vaults:3 | 35438 ||| Stepping ~*~*~tactically~*~*~ (hiding).
 35613 | Vaults:3 | Identified the +2 leather armour of the Swan {Int+2}
 35633 | Vaults:3 | 35633 ||| Stepping ~*~*~tactically~*~*~ (stealth).
 35634 | Vaults:3 | Found Gosetiop's Weapon Shop.
 35794 | Vaults:3 | Found Becoy's Antique Armour Emporium.
 35802 | Vaults:3 | 35802 ||| BUYING shiny plate armour (962 gold).
 35802 | Vaults:3 | Bought a shiny plate armour for 962 gold pieces
 35845 | Vaults:3 | 35845 ||| Stepping ~*~*~tactically~*~*~ (hiding).
 35857 | Vaults:3 | 35857 ||| INVOKING Heroism.
 35858 | Vaults:3 | 35858 ||| INVOKING Finesse.
 35980 | Vaults:3 | 35980 ||| Stepping ~*~*~tactically~*~*~ (stealth).
 35981 | Vaults:3 | 35981 ||| Stepping ~*~*~tactically~*~*~ (stealth).
 36027 | Vaults:3 | 36027 ||| Stepping ~*~*~tactically~*~*~ (hiding).
 36213 | Vaults:3 | 36213 ||| Stepping ~*~*~tactically~*~*~ (hiding).
 36235 | Vaults:3 | Paralysed by a great orb of eyes for 5 turns
 36241 | Vaults:3 | 36241 ||| DRINKING 4 potions of curing.
 36241 | Vaults:3 | 36241 ||| (to cure confusion)
 36249 | Vaults:3 | Reached XP level 20. HP: 133/133 MP: 27/27
 36346 | Vaults:3 | 36346 ||| Stepping ~*~*~tactically~*~*~ (hiding).
 36498 | Vaults:3 | 36498 ||| DROPPING +0 plate armour of cold resistance.
 36522 | Vaults:4 | Found the +9 scales of the Dragon King {rPois rF+ rC+
                  | Will+}
 36548 | Vaults:4 | 36548 ||| Stepping ~*~*~tactically~*~*~ (hiding).
 36551 | Vaults:4 | Noticed Boris
 36552 | Vaults:4 | 36552 ||| INVOKING Heroism.
 36553 | Vaults:4 | 36553 ||| INVOKING Finesse.
 36554 | Vaults:4 | 36554 ||| INVOKING Finesse.
 36569 | Vaults:4 | Killed Boris
 36570 | Vaults:4 | Reached skill level 17 in Fighting
 36644 | Vaults:4 | Found a transporter.
 36646 | Vaults:4 | Noticed a dread lich
 36662 | Vaults:4 | Found the +9 staff of Olgreb {rPois∞}
 36666 | Vaults:4 | Found a transporter.
 36740 | Vaults:4 | Received a gift from Okawaru
 36748 | Vaults:4 | 36748 ||| INVOKING Heroism.
 36754 | Vaults:4 | Reached skill level 6 in Dodging
 36790 | Vaults:4 | Identified the +0 pair of gloves of Insecurity {-Tele rC-
                  | Regen+ Int+9} (Okawaru gifted it to you on level 4 of the
                  | Vaults)
 36790 | Vaults:4 | Received a gift from Okawaru
 36803 | Vaults:4 | 36803 ||| INVOKING Heroism.
 36920 | Vaults:4 | 36920 ||| Stepping ~*~*~tactically~*~*~ (hiding).
 36922 | Vaults:4 | 36922 ||| Stepping ~*~*~tactically~*~*~ (hiding).
 36962 | Vaults:4 | 36962 ||| Stepping ~*~*~tactically~*~*~ (hiding).
 37015 | Vaults:4 | Found Vietobbe's Antique Armour Shop.
 37035 | Vaults:4 | 37035 ||| FLEEEEING.
 37037 | Vaults:4 | 37037 ||| FLEEEEING.
 37038 | Vaults:4 | 37038 ||| FLEEEEING.
 37039 | Vaults:4 | 37039 ||| FLEEEEING.
 37040 | Vaults:4 | 37040 ||| FLEEEEING.
 37041 | Vaults:4 | 37041 ||| FLEEEEING.
 37042 | Vaults:4 | 37042 ||| FLEEEEING.
 37043 | Vaults:4 | 37043 ||| FLEEEEING.
 37044 | Vaults:4 | 37044 ||| FLEEEEING.
 37045 | Vaults:4 | 37045 ||| FLEEEEING.
 37046 | Vaults:4 | 37046 ||| Stepping ~*~*~tactically~*~*~ (hiding).
 37047 | Vaults:4 | 37047 ||| FLEEEEING.
 37049 | Vaults:4 | 37049 ||| Stepping ~*~*~tactically~*~*~ (hiding).
 37078 | Vaults:4 | 37078 ||| FLEEEEING.
 37092 | Vaults:4 | 37092 ||| Stepping ~*~*~tactically~*~*~ (hiding).
 37093 | Vaults:4 | 37093 ||| Stepping ~*~*~tactically~*~*~ (hiding).
 37381 | Vaults:4 | 37381 ||| Stepping ~*~*~tactically~*~*~ (stealth).
 37719 | Vaults:4 | 37719 ||| Stepping ~*~*~tactically~*~*~ (hiding).
 37721 | Vaults:4 | 37721 ||| Stepping ~*~*~tactically~*~*~ (hiding).
 37835 | Vaults:4 | 37835 ||| PLANNING SHOALS:4
 37835 | Vaults:4 | 37835 ||| UPGRADING to +9 scales of the Dragon King {rPois
                  | rF+ rC+ Will+}.
 38161 | Shoals:4 | Entered Level 4 of the Shoals
 38393 | Shoals:4 | 38393 ||| INVOKING Heroism.
 38394 | Shoals:4 | 38394 ||| INVOKING Finesse.
 38464 | Shoals:4 | Identified the +1 robe of Wyr Iloq {-Tele rC+ Will+}
 38489 | Shoals:4 | 38489 ||| INVOKING Heroism.
 38490 | Shoals:4 | 38490 ||| INVOKING Finesse.
 38540 | Shoals:4 | Got a barnacled rune of Zot
 38703 | Shoals:4 | 38703 ||| INVOKING Heroism.
 38704 | Shoals:4 | 38704 ||| INVOKING Finesse.
 38724 | Shoals:4 | Reached skill level 18 in Armour
 38761 | Shoals:4 | Noticed Polyphemus
 38767 | Shoals:4 | 38767 ||| INVOKING Heroism.
 38776 | Shoals:4 | Killed Polyphemus
 38931 | Shoals:4 | 38931 ||| Stepping ~*~*~tactically~*~*~ (hiding).
 38932 | Shoals:4 | 38932 ||| Stepping ~*~*~tactically~*~*~ (hiding).
 38933 | Shoals:4 | 38933 ||| Stepping ~*~*~tactically~*~*~ (hiding).
 38934 | Shoals:4 | 38934 ||| Stepping ~*~*~tactically~*~*~ (hiding).
 38951 | Shoals:4 | 38951 ||| Stepping ~*~*~tactically~*~*~ (stealth).
 38953 | Shoals:4 | 38953 ||| Stepping ~*~*~tactically~*~*~ (hiding).
 38976 | Shoals:4 | 38976 ||| Stepping ~*~*~tactically~*~*~ (hiding).
 38977 | Shoals:4 | 38977 ||| Stepping ~*~*~tactically~*~*~ (hiding).
 38979 | Shoals:4 | 38979 ||| Stepping ~*~*~tactically~*~*~ (hiding).
 38980 | Shoals:4 | 38980 ||| Stepping ~*~*~tactically~*~*~ (hiding).
 39263 | Shoals:4 | 39263 ||| DROPPING amulet of regeneration.
 39264 | Shoals:4 | 39264 ||| PLANNING DEPTHS
 39264 | Shoals:4 | 39264 ||| DROPPING +6 ring of intelligence.
 39571 | Depths:1 | Entered Level 1 of the Depths
 39604 | Depths:1 | 39604 ||| INVOKING Heroism.
 39605 | Depths:1 | 39605 ||| INVOKING Finesse.
 39612 | Depths:1 | Received a gift from Okawaru
 39647 | Depths:1 | 39647 ||| INVOKING Heroism.
 39657 | Depths:1 | Reached XP level 21. HP: 123/139 MP: 28/28
 39661 | Depths:1 | Received a gift from Okawaru
 39684 | Depths:1 | 39684 ||| Stepping ~*~*~tactically~*~*~ (hiding).
 39731 | Depths:1 | 39731 ||| INVOKING Heroism.
 39738 | Depths:1 | Noticed the Enchantress
 39739 | Depths:1 | 39739 ||| INVOKING Finesse.
 39765 | Depths:1 | 39765 ||| INVOKING Heroism.
 39770 | Depths:1 | Killed the Enchantress
 39782 | Depths:1 | Reached skill level 18 in Fighting
 39799 | Depths:1 | 39799 ||| Stepping ~*~*~tactically~*~*~ (hiding).
 39851 | Depths:1 | 39851 ||| DROPPING +4 broad axe of venom.
 39925 | Depths:1 | Found a one-way gate leading to the halls of Pandemonium.
 39926 | Depths:1 | 39926 ||| Stepping ~*~*~tactically~*~*~ (hiding).
 40097 | Depths:1 | Found a gateway to Hell.
 40377 | Depths:1 | Noticed Boris
 40378 | Depths:1 | 40378 ||| Stepping ~*~*~tactically~*~*~ (hiding).
 40381 | Depths:1 | 40381 ||| Stepping ~*~*~tactically~*~*~ (hiding).
 40385 | Depths:1 | 40385 ||| INVOKING Heroism.
 40386 | Depths:1 | 40386 ||| INVOKING Finesse.
 40397 | Depths:1 | Killed Boris
 40597 | Depths:2 | 40597 ||| INVOKING Heroism.
 40599 | Depths:2 | Noticed Grunn
 40605 | Depths:2 | 40605 ||| INVOKING Finesse.
 40619 | Depths:2 | Killed Grunn
 40635 | Depths:2 | Noticed a bone dragon
 40651 | Depths:2 | Noticed a bone dragon
 40652 | Depths:2 | Killed a bone dragon
 40652 | Depths:2 | Received a gift from Okawaru
 40678 | Depths:2 | Killed a bone dragon
 40745 | Depths:2 | 40745 ||| Stepping ~*~*~tactically~*~*~ (stealth).
 40827 | Depths:2 | 40827 ||| Stepping ~*~*~tactically~*~*~ (hiding).
 41144 | Depths:2 | 41144 ||| INVOKING Heroism.
 41158 | Depths:2 | 41158 ||| INVOKING Finesse.
 41164 | Depths:2 | 41164 ||| Stepping ~*~*~tactically~*~*~ (hiding).
 41330 | Depths:2 | 41330 ||| INVOKING Heroism.
 41373 | Depths:2 | 41373 ||| INVOKING Heroism.
 41410 | Depths:2 | 41410 ||| Stepping ~*~*~tactically~*~*~ (stealth).
 41412 | Depths:2 | 41412 ||| Stepping ~*~*~tactically~*~*~ (hiding).
 41424 | Depths:2 | Received a gift from Okawaru
 41437 | Depths:2 | Noticed a golden dragon
 41438 | Depths:2 | 41438 ||| Stepping ~*~*~tactically~*~*~ (stealth).
 41440 | Depths:2 | 41440 ||| Stepping ~*~*~tactically~*~*~ (hiding).
 41444 | Depths:2 | 41444 ||| INVOKING Heroism.
 41445 | Depths:2 | 41445 ||| INVOKING Finesse.
 41461 | Depths:2 | Killed a golden dragon
 41487 | Depths:2 | 41487 ||| Stepping ~*~*~tactically~*~*~ (stealth).
 41489 | Depths:2 | 41489 ||| Stepping ~*~*~tactically~*~*~ (hiding).
 41490 | Depths:2 | 41490 ||| Stepping ~*~*~tactically~*~*~ (hiding).
 41516 | Depths:2 | 41516 ||| Stepping ~*~*~tactically~*~*~ (hiding).
 41523 | Depths:2 | 41523 ||| Stepping ~*~*~tactically~*~*~ (hiding).
 41524 | Depths:2 | 41524 ||| INVOKING Finesse.
 41572 | Depths:2 | 41572 ||| READING scroll of acquirement.
 41572 | Depths:2 | 41572 ||| ACQUIRING 979 gold pieces
 41572 | Depths:2 | Acquired 979 gold pieces
 41657 | Depths:2 | 41657 ||| FLEEEEING.
 41658 | Depths:2 | 41658 ||| FLEEEEING.
 41659 | Depths:2 | 41659 ||| FLEEEEING.
 41660 | Depths:2 | 41660 ||| FLEEEEING.
 41661 | Depths:2 | 41661 ||| FLEEEEING.
 41662 | Depths:2 | 41662 ||| FLEEEEING.
 41663 | Depths:2 | 41663 ||| FLEEEEING.
 41664 | Depths:2 | 41664 ||| FLEEEEING.
 41668 | Depths:2 | 41668 ||| FLEEEEING.
 41669 | Depths:2 | 41669 ||| FLEEEEING.
 41675 | Depths:2 | 41675 ||| FLEEEEING.
 41676 | Depths:2 | 41676 ||| FLEEEEING.
 41677 | Depths:2 | 41677 ||| FLEEEEING.
 41678 | Depths:2 | 41678 ||| FLEEEEING.
 41679 | Depths:2 | 41679 ||| FLEEEEING.
 41683 | Depths:2 | 41683 ||| FLEEEEING.
 41684 | Depths:2 | 41684 ||| FLEEEEING.
 41685 | Depths:2 | 41685 ||| FLEEEEING.
 41686 | Depths:2 | 41686 ||| FLEEEEING.
 41687 | Depths:2 | 41687 ||| FLEEEEING.
 41688 | Depths:2 | 41688 ||| FLEEEEING.
 41690 | Depths:2 | 41690 ||| Stepping ~*~*~tactically~*~*~ (hiding).
 41691 | Depths:2 | 41691 ||| Stepping ~*~*~tactically~*~*~ (hiding).
 41744 | Depths:2 | 41744 ||| Stepping ~*~*~tactically~*~*~ (stealth).
 41746 | Depths:2 | 41746 ||| Stepping ~*~*~tactically~*~*~ (hiding).
 41749 | Depths:2 | Noticed a caustic shrike
 41750 | Depths:2 | 41750 ||| INVOKING Heroism.
 41751 | Depths:2 | 41751 ||| INVOKING Finesse.
 41759 | Depths:2 | Killed a caustic shrike
 41760 | Depths:2 | Reached skill level 19 in Fighting
 41814 | Depths:2 | 41814 ||| INVOKING Heroism.
 41828 | Depths:2 | Noticed a juggernaut
 41846 | Depths:2 | Killed a juggernaut
 41847 | Depths:2 | Reached XP level 22. HP: 149/149 MP: 29/29
 41850 | Depths:2 | Received a gift from Okawaru
 42172 | Depths:3 | Noticed Frederick
 42173 | Depths:3 | 42173 ||| INVOKING Heroism.
 42187 | Depths:3 | Killed Frederick
 42187 | Depths:3 | Received a gift from Okawaru
 42237 | Depths:3 | Found a white marble altar of Elyvilon.
 42240 | Depths:3 | Noticed a golden dragon
 42241 | Depths:3 | 42241 ||| INVOKING Heroism.
 42251 | Depths:3 | Killed a golden dragon
 42318 | Depths:3 | Received a gift from Okawaru
 42319 | Depths:3 | Reached skill level 21 in Armour
 42458 | Depths:3 | Noticed Sojobo
 42459 | Depths:3 | 42459 ||| INVOKING Heroism.
 42482 | Depths:3 | Killed Sojobo
 42703 | Depths:3 | Found a one-way gate to the infinite horrors of the Abyss.
 42704 | Depths:3 | 42704 ||| Stepping ~*~*~tactically~*~*~ (hiding).
 42811 | Depths:3 | Noticed Parghit
 42812 | Depths:3 | 42812 ||| INVOKING Heroism.
 42813 | Depths:3 | 42813 ||| INVOKING Finesse.
 42905 | Depths:3 | 42905 ||| INVOKING Heroism.
 42927 | Depths:3 | Killed Parghit
 42972 | Depths:3 | Found a blossoming altar of Fedhas.
 42982 | Depths:3 | Received a gift from Okawaru
 43009 | Depths:3 | Noticed a caustic shrike
 43010 | Depths:3 | 43010 ||| DROPPING +7 plate armour of cold resistance.
 43011 | Depths:3 | Noticed a caustic shrike
 43012 | Depths:3 | 43012 ||| INVOKING Heroism.
 43019 | Depths:3 | Killed a caustic shrike
 43019 | Depths:3 | Killed a caustic shrike
 43091 | Depths:3 | 43091 ||| Stepping ~*~*~tactically~*~*~ (stealth).
 43097 | Depths:3 | 43097 ||| Stepping ~*~*~tactically~*~*~ (hiding).
 43098 | Depths:3 | 43098 ||| Stepping ~*~*~tactically~*~*~ (hiding).
 43099 | Depths:3 | 43099 ||| Stepping ~*~*~tactically~*~*~ (hiding).
 43102 | Depths:3 | 43102 ||| INVOKING Heroism.
 43122 | Depths:3 | Identified the +10 demon blade "Uheteutuwk" {flame, rN+
                  | MP+9}
 43523 | Depths:3 | Identified the +7 demon blade of Annoyance {drain, +Blink}
 43607 | Depths:4 | Entered Level 4 of the Depths
 43615 | Depths:4 | Received a gift from Okawaru
 43647 | Depths:4 | 43647 ||| INVOKING Heroism.
 43708 | Depths:4 | 43708 ||| Stepping ~*~*~tactically~*~*~ (hiding).
 43710 | Depths:4 | 43710 ||| Stepping ~*~*~tactically~*~*~ (hiding).
 43723 | Depths:4 | 43723 ||| Stepping ~*~*~tactically~*~*~ (hiding).
 43756 | Depths:4 | 43756 ||| Stepping ~*~*~tactically~*~*~ (stealth).
 43758 | Depths:4 | 43758 ||| INVOKING Heroism.
 43760 | Depths:4 | 43760 ||| Stepping ~*~*~tactically~*~*~ (stealth).
 43775 | Depths:4 | 43775 ||| Stepping ~*~*~tactically~*~*~ (hiding).
 43776 | Depths:4 | 43776 ||| Stepping ~*~*~tactically~*~*~ (hiding).
 43792 | Depths:4 | 43792 ||| Stepping ~*~*~tactically~*~*~ (hiding).
 43794 | Depths:4 | 43794 ||| Stepping ~*~*~tactically~*~*~ (hiding).
 43816 | Depths:4 | 43816 ||| Stepping ~*~*~tactically~*~*~ (stealth).
 43818 | Depths:4 | 43818 ||| Stepping ~*~*~tactically~*~*~ (hiding).
 43820 | Depths:4 | 43820 ||| Stepping ~*~*~tactically~*~*~ (hiding).
 43824 | Depths:4 | 43824 ||| INVOKING Heroism.
 43840 | Depths:4 | Received a gift from Okawaru
 43867 | Depths:4 | Found a one-way gateway to a ziggurat.
 43927 | Depths:4 | Found a gate to the Realm of Zot.
 43960 | Depths:4 | 43960 ||| Stepping ~*~*~tactically~*~*~ (hiding).
 43989 | Depths:4 | 43989 ||| Stepping ~*~*~tactically~*~*~ (hiding).
 43990 | Depths:4 | 43990 ||| Stepping ~*~*~tactically~*~*~ (hiding).
 43993 | Depths:4 | 43993 ||| INVOKING Heroism.
 44006 | Depths:4 | Reached skill level 20 in Fighting
 44099 | Depths:4 | 44099 ||| Stepping ~*~*~tactically~*~*~ (hiding).
 44198 | Depths:4 | 44198 ||| Stepping ~*~*~tactically~*~*~ (hiding).
 44199 | Depths:4 | 44199 ||| INVOKING Heroism.
 44370 | Depths:4 | 44370 ||| INVOKING Heroism.
 44469 | Depths:4 | 44469 ||| Stepping ~*~*~tactically~*~*~ (hiding).
 44648 | Depths:4 | Noticed a golden dragon
 44649 | Depths:4 | 44649 ||| Stepping ~*~*~tactically~*~*~ (hiding).
 44651 | Depths:4 | 44651 ||| INVOKING Heroism.
 44660 | Depths:4 | Killed a golden dragon
 44831 | Depths:4 | 44831 ||| INVOKING Heroism.
 44869 | Depths:4 | 44869 ||| Stepping ~*~*~tactically~*~*~ (stealth).
 44875 | Depths:4 | 44875 ||| Stepping ~*~*~tactically~*~*~ (stealth).
 44939 | Depths:4 | 44939 ||| PLANNING VAULTS:5
 45190 | Vaults:5 | Entered Level 5 of the Vaults
 45195 | Vaults:5 | 45195 ||| STAIRDANCE
 45204 | Vaults:4 | Reached XP level 23. HP: 156/156 MP: 30/30
 45220 | Vaults:4 | 45220 ||| UPGRADING to +2 tower shield.
 45230 | Vaults:4 | 45230 ||| DROPPING +0 tower shield.
 45234 | Vaults:5 | 45234 ||| INVOKING Heroism.
 45236 | Vaults:5 | 45236 ||| INVOKING Finesse.
 45245 | Vaults:5 | Received a gift from Okawaru
 45258 | Vaults:5 | Noticed a dread lich
 45263 | Vaults:5 | Received a gift from Okawaru
 45270 | Vaults:5 | Reached skill level 21 in Shields
 45291 | Vaults:5 | Paralysed by a dread lich for 5 turns
 45309 | Vaults:5 | Killed a dread lich
 45309 | Vaults:5 | Received a gift from Okawaru
 45356 | Vaults:5 | Reached skill level 21 in Fighting
 45383 | Vaults:5 | 45383 ||| Stepping ~*~*~tactically~*~*~ (stealth).
 45388 | Vaults:5 | Noticed an ancient lich
 45389 | Vaults:5 | 45389 ||| INVOKING Heroism.
 45393 | Vaults:5 | 45393 ||| INVOKING Finesse.
 45394 | Vaults:5 | 45394 ||| INVOKING Finesse.
 45411 | Vaults:5 | Killed an ancient lich
 45417 | Vaults:5 | 45417 ||| Stepping ~*~*~tactically~*~*~ (hiding).
 45421 | Vaults:5 | 45421 ||| Stepping ~*~*~tactically~*~*~ (hiding).
 45422 | Vaults:5 | 45422 ||| Stepping ~*~*~tactically~*~*~ (hiding).
 45464 | Vaults:5 | 45464 ||| INVOKING Finesse.
 45465 | Vaults:5 | 45465 ||| Stepping ~*~*~tactically~*~*~ (stealth).
 45469 | Vaults:5 | 45469 ||| INVOKING Heroism.
 45504 | Vaults:5 | Received a gift from Okawaru
 45537 | Vaults:5 | 45537 ||| FLEEEEING.
 45539 | Vaults:5 | 45539 ||| FLEEEEING.
 45540 | Vaults:5 | 45540 ||| FLEEEEING.
 45543 | Vaults:5 | 45543 ||| FLEEEEING.
 45568 | Vaults:5 | 45568 ||| Stepping ~*~*~tactically~*~*~ (hiding).
 45635 | Vaults:5 | 45635 ||| INVOKING Heroism.
 45664 | Vaults:5 | Identified the +7 dagger "Maqifoyn" {venom, Fragile Int+5}
 45675 | Vaults:5 | Got a silver rune of Zot
 45684 | Vaults:5 | Identified the staff "Neshuj" {rElec rF+ Stlth+ Earth}
 45695 | Vaults:5 | 45695 ||| Stepping ~*~*~tactically~*~*~ (hiding).
 45701 | Vaults:5 | 45701 ||| Stepping ~*~*~tactically~*~*~ (hiding).
 45709 | Vaults:5 | Received a gift from Okawaru
 45761 | Vaults:5 | 45761 ||| Stepping ~*~*~tactically~*~*~ (stealth).
 45765 | Vaults:5 | 45765 ||| INVOKING Heroism.
 45766 | Vaults:5 | 45766 ||| DROPPING +2 antimagic broad axe.
 45767 | Vaults:5 | 45767 ||| INVOKING Finesse.
 45812 | Vaults:5 | Noticed a golden dragon
 45813 | Vaults:5 | 45813 ||| Stepping ~*~*~tactically~*~*~ (stealth).
 45814 | Vaults:5 | 45814 ||| Stepping ~*~*~tactically~*~*~ (stealth).
 45815 | Vaults:5 | 45815 ||| Stepping ~*~*~tactically~*~*~ (stealth).
 45817 | Vaults:5 | 45817 ||| Stepping ~*~*~tactically~*~*~ (hiding).
 45820 | Vaults:5 | 45820 ||| INVOKING Heroism.
 45821 | Vaults:5 | 45821 ||| INVOKING Finesse.
 45829 | Vaults:5 | Killed a golden dragon
 45830 | Vaults:5 | Reached skill level 12 in Throwing
 45846 | Vaults:5 | Noticed a golden dragon
 45853 | Vaults:5 | Noticed a dread lich
 45864 | Vaults:5 | 45864 ||| INVOKING Heroism.
 45865 | Vaults:5 | Killed a golden dragon
 45871 | Vaults:5 | Paralysed by a dread lich for 3 turns
 45881 | Vaults:5 | Killed a dread lich
 45887 | Vaults:5 | 45887 ||| DRINKING 4 potions of resistance.
 45898 | Vaults:5 | Reached skill level 22 in Fighting
 45936 | Vaults:5 | Reached XP level 24. HP: 168/168 MP: 30/30
 45941 | Vaults:5 | Identified the ring "Etryise" {rF+ rC- rN+ Slay+6}
 45955 | Vaults:5 | Received a gift from Okawaru
 46006 | Vaults:5 | 46006 ||| FLEEEEING.
 46007 | Vaults:5 | 46007 ||| FLEEEEING.
 46015 | Vaults:5 | 46015 ||| FLEEEEING.
 46042 | Vaults:5 | 46042 ||| READING scroll of enchant weapon.
 46042 | Vaults:5 | 46042 ||| ENCHANTING +6 vampiric broad axe.
 46088 | Vaults:5 | 46088 ||| READING scroll of enchant weapon.
 46088 | Vaults:5 | 46088 ||| ENCHANTING +7 vampiric broad axe.
 46275 | Vaults:5 | 46275 ||| Stepping ~*~*~tactically~*~*~ (hiding).
 46297 | Vaults:5 | Identified the +2 robe of Disappointment {Int-3 Dex+5
                  | Slay+2}
 46346 | Vaults:5 | Identified the +4 chain mail "Erchoanou" {Str+3}
 46348 | Vaults:5 | Identified the +7 hand axe "Hatixt" {spect, rCorr}
 46358 | Vaults:5 | Identified the +0 glaive "Abuusheu" {antimagic, Int+5}
 46458 | Vaults:5 | Identified the staff "Welez" {Contam rF+ Will++ Str-2 Int+9
                  | Fire}
 46774 | Vaults:5 | 46774 ||| PLANNING SHOPPING SPREE
 46774 | Vaults:5 | 46774 ||| UPGRADING to +5 ring of evasion.
 46776 | Vaults:5 | 46776 ||| DROPPING ring of see invisible.
 46777 | Vaults:5 | 46777 ||| DROPPING +6 ring of strength.
 47230 | D:3      | 47230 ||| BUYING +4 war axe "Ydgholosh" {spect, *Corrode
                  | Fly rElec Will+} (537 gold).
 47230 | D:3      | Bought the +4 war axe "Ydgholosh" {spect, *Corrode Fly
                  | rElec Will+} for 537 gold pieces
 47390 | D:11     | 47390 ||| BUYING ring "Qokul" {Fire rN+ rCorr MP+9} (971
                  | gold).
 47390 | D:11     | Bought the ring "Qokul" {Fire rN+ rCorr MP+9} for 971 gold
                  | pieces
 47390 | D:11     | 47390 ||| PLANNING ZOT:1-4
 47631 | Zot:1    | Entered Level 1 of the Realm of Zot
 47666 | Zot:1    | 47666 ||| INVOKING Heroism.
 47967 | Zot:1    | Received a gift from Okawaru
 48098 | Zot:1    | 48098 ||| INVOKING Heroism.
 48231 | Zot:1    | 48231 ||| Stepping ~*~*~tactically~*~*~ (hiding).
 48233 | Zot:1    | 48233 ||| Stepping ~*~*~tactically~*~*~ (hiding).
 48234 | Zot:1    | 48234 ||| Stepping ~*~*~tactically~*~*~ (hiding).
 48235 | Zot:1    | 48235 ||| Stepping ~*~*~tactically~*~*~ (hiding).
 48262 | Zot:1    | 48262 ||| INVOKING Heroism.
 48266 | Zot:1    | Received a gift from Okawaru
 48560 | Zot:1    | 48560 ||| Stepping ~*~*~tactically~*~*~ (hiding).
 48573 | Zot:1    | Received a gift from Okawaru
 48635 | Zot:1    | 48635 ||| READING scroll of enchant weapon.
 48635 | Zot:1    | 48635 ||| ENCHANTING +8 vampiric broad axe.
 48662 | Zot:1    | 48662 ||| Stepping ~*~*~tactically~*~*~ (stealth).
 48663 | Zot:1    | Paralysed by a floating eye for 2 turns
 48667 | Zot:1    | Noticed a dread lich
 48668 | Zot:1    | 48668 ||| INVOKING Heroism.
 48669 | Zot:1    | 48669 ||| INVOKING Finesse.
 48682 | Zot:1    | Paralysed by a dread lich for 3 turns
 48682 | Zot:1    | Noticed a dread lich
 48691 | Zot:1    | Noticed a dread lich
 48694 | Zot:1    | Killed a dread lich
 48708 | Zot:1    | Killed a dread lich
 48708 | Zot:1    | Received a gift from Okawaru
 48719 | Zot:1    | Killed a dread lich
 48719 | Zot:1    | Received a gift from Okawaru
 48737 | Zot:1    | Received a gift from Okawaru
 48771 | Zot:1    | Found the +10 Black Knight's barding {ponderous, rPois rN+}
 48857 | Zot:1    | 48857 ||| UPGRADING to +7 gold dragon scales.
 48867 | Zot:1    | 48867 ||| READING 3 scrolls of enchant armour.
 48867 | Zot:1    | 48867 ||| ENCHANTING +7 gold dragon scales.
 48868 | Zot:1    | 48868 ||| READING 2 scrolls of enchant armour.
 48868 | Zot:1    | 48868 ||| ENCHANTING +8 gold dragon scales.
 48869 | Zot:1    | 48869 ||| READING scroll of enchant armour.
 48869 | Zot:1    | 48869 ||| ENCHANTING +9 gold dragon scales.
 48918 | Zot:2    | 48918 ||| INVOKING Heroism.
 48937 | Zot:2    | Reached skill level 23 in Fighting
 48949 | Zot:2    | Received a gift from Okawaru
 48974 | Zot:2    | Received a gift from Okawaru
 48993 | Zot:2    | 48993 ||| INVOKING Heroism.
 49015 | Zot:2    | 49015 ||| FLEEEEING.
 49016 | Zot:2    | 49016 ||| FLEEEEING.
 49017 | Zot:2    | 49017 ||| FLEEEEING.
 49018 | Zot:2    | 49018 ||| FLEEEEING.
 49019 | Zot:2    | 49019 ||| FLEEEEING.
 49020 | Zot:2    | 49020 ||| FLEEEEING.
 49021 | Zot:2    | 49021 ||| FLEEEEING.
 49022 | Zot:2    | 49022 ||| STAIRDANCE
 49205 | Zot:2    | 49205 ||| Stepping ~*~*~tactically~*~*~ (stealth).
 49208 | Zot:2    | Identified the ring "Nubolul" {Ice Will+}
 49208 | Zot:2    | Noticed Josephina
 49215 | Zot:2    | Received a gift from Okawaru
 49222 | Zot:2    | 49222 ||| INVOKING Heroism.
 49234 | Zot:2    | Killed Josephina
 49245 | Zot:2    | Noticed a curse toe
 49246 | Zot:2    | 49246 ||| FLEEEEING.
 49247 | Zot:2    | 49247 ||| FLEEEEING.
 49259 | Zot:2    | 49259 ||| FLEEEEING.
 49260 | Zot:2    | 49260 ||| FLEEEEING.
 49274 | Zot:2    | 49274 ||| FLEEEEING.
 49275 | Zot:2    | 49275 ||| FLEEEEING.
 49281 | Zot:2    | 49281 ||| STAIRDANCE
 49456 | Zot:2    | 49456 ||| INVOKING Heroism.
 49476 | Zot:2    | Killed a curse toe
 49522 | Zot:2    | 49522 ||| STAIRDANCE
 49636 | Zot:2    | 49636 ||| INVOKING Heroism.
 49638 | Zot:2    | 49638 ||| Stepping ~*~*~tactically~*~*~ (hiding).
 49672 | Zot:2    | Noticed a curse toe
 49677 | Zot:2    | 49677 ||| Stepping ~*~*~tactically~*~*~ (hiding).
 49688 | Zot:2    | Killed a curse toe
 49696 | Zot:2    | Reached XP level 25. HP: 137/178 MP: 30/30
 49721 | Zot:2    | 49721 ||| Stepping ~*~*~tactically~*~*~ (hiding).
 49746 | Zot:2    | Reached skill level 24 in Fighting
 49884 | Zot:2    | 49884 ||| DROPPING +2 war axe of flaming.
 49940 | Zot:2    | 49940 ||| DROPPING ring of ice.
 49952 | Zot:3    | 49952 ||| STAIRDANCE
 50046 | Zot:3    | 50046 ||| INVOKING Heroism.
 50235 | Zot:3    | 50235 ||| INVOKING Heroism.
 50458 | Zot:3    | 50458 ||| Stepping ~*~*~tactically~*~*~ (hiding).
 50461 | Zot:3    | 50461 ||| Stepping ~*~*~tactically~*~*~ (hiding).
 50733 | Zot:3    | Received a gift from Okawaru
 50946 | Zot:3    | 50946 ||| DROPPING 22 boomerangs.
 50947 | Zot:3    | 50947 ||| DROPPING 7 silver boomerangs.
 50974 | Zot:4    | 50974 ||| INVOKING Heroism.
 50976 | Abyss:3  | Cast into level 3 of the Abyss (yellow draconian)
 51000 | Abyss:3  | 51000 ||| Stepping ~*~*~tactically~*~*~ (stealth).
 51002 | Abyss:3  | 51002 ||| Stepping ~*~*~tactically~*~*~ (stealth).
 51029 | Abyss:3  | Got an abyssal rune of Zot
 51034 | Abyss:3  | 51034 ||| Stepping ~*~*~tactically~*~*~ (stealth).
 51036 | Abyss:3  | 51036 ||| Stepping ~*~*~tactically~*~*~ (hiding).
 51038 | Abyss:3  | 51038 ||| Stepping ~*~*~tactically~*~*~ (hiding).
 51058 | Abyss:3  | 51058 ||| Stepping ~*~*~tactically~*~*~ (hiding).
 51083 | Abyss:3  | 51083 ||| Stepping ~*~*~tactically~*~*~ (stealth).
 51146 | Zot:4    | Escaped the Abyss
 51148 | Zot:4    | Noticed a Killer Klown
 51149 | Zot:4    | 51149 ||| INVOKING Heroism.
 51150 | Zot:4    | 51150 ||| INVOKING Finesse.
 51164 | Zot:4    | Identified the +1 tower shield "Biock" {Str+4} (Okawaru
                  | gifted it to you on level 4 of the Realm of Zot)
 51164 | Zot:4    | Received a gift from Okawaru
 51170 | Zot:4    | Killed a Killer Klown
 51202 | Zot:4    | Noticed an orb of fire
 51206 | Zot:4    | Identified the +9 dagger "Lafysotz" {flame, rC+ rCorr MP+9}
 51232 | Zot:4    | 51232 ||| INVOKING Finesse.
 51251 | Zot:4    | Killed an orb of fire
 51298 | Zot:4    | Reached skill level 25 in Fighting
 51314 | Zot:4    | 51314 ||| Stepping ~*~*~tactically~*~*~ (hiding).
 51318 | Zot:4    | 51318 ||| INVOKING Heroism.
 51459 | Zot:4    | 51459 ||| INVOKING Heroism.
 51561 | Zot:4    | 51561 ||| Stepping ~*~*~tactically~*~*~ (hiding).
 51562 | Zot:4    | 51562 ||| Stepping ~*~*~tactically~*~*~ (hiding).
 51616 | Zot:4    | 51616 ||| Stepping ~*~*~tactically~*~*~ (stealth).
 51622 | Zot:4    | 51622 ||| Stepping ~*~*~tactically~*~*~ (stealth).
 51623 | Zot:4    | 51623 ||| Stepping ~*~*~tactically~*~*~ (stealth).
 51681 | Zot:4    | 51681 ||| Stepping ~*~*~tactically~*~*~ (stealth).
 51691 | Zot:4    | 51691 ||| Stepping ~*~*~tactically~*~*~ (stealth).
 51700 | Zot:4    | Identified the +0 helmet of the Spheres {Regen+ MP+9}
 51925 | Zot:4    | 51925 ||| PLANNING SLIME:5
 51925 | Zot:4    | 51925 ||| SWAPPING to +7 hand axe "Hatixt" {spect, rCorr}.
 51926 | Zot:4    | 51926 ||| UPGRADING to +2 pair of gloves.
 51936 | Zot:4    | 51936 ||| DROPPING +1 helmet.
 51937 | Zot:4    | 51937 ||| UPGRADING to scarf of repulsion.
 51947 | Zot:4    | 51947 ||| UPGRADING to +1 tower shield "Biock" {Str+4}.
 51957 | Zot:4    | 51957 ||| DROPPING +2 tower shield.
 51958 | Zot:4    | 51958 ||| UPGRADING to +0 helmet of the Spheres {Regen+
                  | MP+9}.
 51968 | Zot:4    | 51968 ||| DROPPING +2 helmet.
 52396 | Slime:1  | Entered Level 1 of the Pits of Slime
 52399 | Slime:1  | 52399 ||| Stepping ~*~*~tactically~*~*~ (stealth).
 52402 | Slime:1  | Reached skill level 9 in Dodging
 52403 | Slime:1  | Received a gift from Okawaru
 52424 | Slime:1  | 52424 ||| Stepping ~*~*~tactically~*~*~ (stealth).
 52535 | Slime:3  | 52535 ||| Stepping ~*~*~tactically~*~*~ (hiding).
 52537 | Slime:3  | 52537 ||| Stepping ~*~*~tactically~*~*~ (hiding).
 52548 | Slime:3  | 52548 ||| Stepping ~*~*~tactically~*~*~ (wall).
 52625 | Slime:4  | 52625 ||| FLEEEEING.
 52626 | Slime:4  | 52626 ||| FLEEEEING.
 52638 | Slime:4  | Received a gift from Okawaru
 52657 | Slime:5  | Entered Level 5 of the Pits of Slime
 52734 | Slime:5  | Noticed the Royal Jelly
 52753 | Slime:5  | Paralysed by a great orb of eyes for 4 turns
 52758 | Slime:5  | 52758 ||| DRINKING 8 potions of curing.
 52758 | Slime:5  | 52758 ||| (to cure confusion)
 52765 | Slime:5  | 52765 ||| INVOKING Heroism.
 52766 | Slime:5  | 52766 ||| DRINKING 7 potions of curing.
 52766 | Slime:5  | 52766 ||| (to cure confusion)
 52797 | Slime:5  | 52797 ||| INVOKING Finesse.
 52813 | Slime:5  | HP: 35/184 [the Royal Jelly (24)]
 52814 | Slime:5  | 52814 ||| READING 14 scrolls of teleportation.
 52815 | Slime:5  | 52815 ||| DRINKING 7 potions of heal wounds.
 52816 | Slime:5  | 52816 ||| DRINKING 6 potions of heal wounds.
 52817 | Slime:5  | 52817 ||| INVOKING Heroism.
 52853 | Slime:5  | 52853 ||| DRINKING 5 potions of cancellation.
 52854 | Slime:5  | 52854 ||| INVOKING Heroism.
 52855 | Slime:5  | 52855 ||| INVOKING Finesse.
 52869 | Slime:5  | HP: 40/184 [the Royal Jelly (15)]
 52870 | Slime:5  | 52870 ||| READING 13 scrolls of teleportation.
 52871 | Slime:5  | 52871 ||| DRINKING 5 potions of heal wounds.
 52873 | Slime:5  | 52873 ||| DRINKING 4 potions of heal wounds.
 52905 | Slime:5  | Received a gift from Okawaru
 52996 | Slime:5  | 52996 ||| Stepping ~*~*~tactically~*~*~ (stealth).
 53016 | Slime:5  | Found the +0 mask of the Dragon {Will+ Slay+3 SInv}
 53092 | Slime:5  | Reached skill level 26 in Fighting
 53121 | Slime:5  | 53121 ||| INVOKING Heroism.
 53150 | Slime:5  | HP: 42/184 [azure jelly[the Royal Jelly] (6)]
 53151 | Slime:5  | 53151 ||| READING 12 scrolls of teleportation.
 53152 | Slime:5  | 53152 ||| DRINKING 3 potions of heal wounds.
 53154 | Slime:5  | Killed the Royal Jelly
 53155 | Slime:5  | HP: 46/184 [azure jelly[the Royal Jelly] (1)]
 53156 | Slime:5  | 53156 ||| DRINKING 2 potions of heal wounds.
 53180 | Slime:5  | 53180 ||| INVOKING Heroism.
 53263 | Slime:5  | 53263 ||| FLEEEEING.
 53280 | Slime:5  | Paralysed by a great orb of eyes for 2 turns
 53282 | Slime:5  | Gained mutation: Your magical capacity is low. (-10% MP) [a
                  | shining eye]
 53288 | Slime:5  | Gained mutation: You are dopey. (Int -2) [a shining eye]
 53290 | Slime:5  | Gained mutation: You have hidden genetic defects. [a
                  | shining eye]
 53292 | Slime:5  | Gained mutation: You sometimes lose your temper in combat.
                  | [a shining eye]
 53296 | Slime:5  | 53296 ||| DRINKING 6 potions of curing.
 53296 | Slime:5  | 53296 ||| (to cure confusion)
 53298 | Slime:5  | Received a gift from Okawaru
 53299 | Slime:5  | 53299 ||| DRINKING 5 potions of curing.
 53299 | Slime:5  | 53299 ||| (to cure confusion)
 53332 | Slime:5  | 53332 ||| DRINKING 11 potions of mutation.
 53332 | Slime:5  | Lost mutation: You sometimes lose your temper in combat.
                  | [potion of mutation]
 53332 | Slime:5  | Lost mutation: You have hidden genetic defects. [potion of
                  | mutation]
 53332 | Slime:5  | Gained mutation: Potions are less effective at restoring
                  | your health. [potion of mutation]
 53332 | Slime:5  | Gained mutation: You are occasionally teleported next to
                  | monsters. [potion of mutation]
 53332 | Slime:5  | Lost mutation: You are dopey. (Int -2) [potion of mutation]
 53332 | Slime:5  | Gained mutation: Your mind is acute. (Int +4, Str/Dex -1)
                  | [potion of mutation]
 53333 | Slime:5  | 53333 ||| DRINKING 10 potions of mutation.
 53333 | Slime:5  | Lost mutation: Your mind is acute. (Int +4, Str/Dex -1)
                  | [potion of mutation]
 53333 | Slime:5  | Lost mutation: Your magical capacity is low. (-10% MP)
                  | [potion of mutation]
 53333 | Slime:5  | Lost mutation: You are occasionally teleported next to
                  | monsters. [potion of mutation]
 53333 | Slime:5  | Gained mutation: You occasionally lose the ability to read
                  | scrolls when taking damage. [potion of mutation]
 53333 | Slime:5  | Gained mutation: You are agile. (Dex +4, Str/Int -1)
                  | [potion of mutation]
 53334 | Slime:5  | 53334 ||| DRINKING 9 potions of mutation.
 53334 | Slime:5  | Lost mutation: Potions are less effective at restoring your
                  | health. [potion of mutation]
 53334 | Slime:5  | Lost mutation: You occasionally lose the ability to read
                  | scrolls when taking damage. [potion of mutation]
 53334 | Slime:5  | Gained mutation: You passively map a small area around you.
                  | [potion of mutation]
 53334 | Slime:5  | Gained mutation: You sometimes lose your temper in combat.
                  | [potion of mutation]
 53334 | Slime:5  | Gained mutation: You expend magic power (3 MP) to
                  | strengthen your wands. [potion of mutation]
 53335 | Slime:5  | 53335 ||| DRINKING 8 potions of mutation.
 53335 | Slime:5  | Lost mutation: You are agile. (Dex +4, Str/Int -1) [potion
                  | of mutation]
 53335 | Slime:5  | Lost mutation: You expend magic power (3 MP) to strengthen
                  | your wands. [potion of mutation]
 53335 | Slime:5  | Lost mutation: You sometimes lose your temper in combat.
                  | [potion of mutation]
 53335 | Slime:5  | Gained mutation: You are frail. (-10% HP) [potion of
                  | mutation]
 53336 | Slime:5  | 53336 ||| DRINKING 7 potions of mutation.
 53336 | Slime:5  | Lost mutation: You passively map a small area around you.
                  | [potion of mutation]
 53336 | Slime:5  | Lost mutation: You are frail. (-10% HP) [potion of
                  | mutation]
 53336 | Slime:5  | Gained mutation: You are occasionally teleported next to
                  | monsters. [potion of mutation]
 53336 | Slime:5  | Gained mutation: You have very sharp teeth. [potion of
                  | mutation]
 53336 | Slime:5  | Gained mutation: You have large cloven feet. [potion of
                  | mutation]
 53351 | Slime:5  | 53351 ||| DRINKING 6 potions of mutation.
 53351 | Slime:5  | Lost mutation: You have very sharp teeth. [potion of
                  | mutation]
 53351 | Slime:5  | Lost mutation: You are occasionally teleported next to
                  | monsters. [potion of mutation]
 53351 | Slime:5  | Gained mutation: You are weak. (Str -2) [potion of
                  | mutation]
 53351 | Slime:5  | Gained mutation: You do not regenerate when monsters are
                  | visible. [potion of mutation]
 53351 | Slime:5  | Gained mutation: You are robust. (+10% HP) [potion of
                  | mutation]
 53364 | Slime:5  | 53364 ||| DRINKING 5 potions of mutation.
 53364 | Slime:5  | Lost mutation: You are weak. (Str -2) [potion of mutation]
 53364 | Slime:5  | Lost mutation: You are robust. (+10% HP) [potion of
                  | mutation]
 53364 | Slime:5  | Lost mutation: You have large cloven feet. [potion of
                  | mutation]
 53364 | Slime:5  | Gained mutation: You are frail. (-10% HP) [potion of
                  | mutation]
 53364 | Slime:5  | Gained mutation: Armour fits poorly on your strangely
                  | shaped body. [potion of mutation]
 53364 | Slime:5  | Gained mutation: Your skin changes colour to match your
                  | surroundings (Stealth+). [potion of mutation]
 53365 | Slime:5  | 53365 ||| DRINKING 4 potions of mutation.
 53365 | Slime:5  | Lost mutation: Armour fits poorly on your strangely shaped
                  | body. [potion of mutation]
 53365 | Slime:5  | Lost mutation: You are frail. (-10% HP) [potion of
                  | mutation]
 53365 | Slime:5  | Lost mutation: You do not regenerate when monsters are
                  | visible. [potion of mutation]
 53365 | Slime:5  | Gained mutation: Your body sometimes deteriorates upon
                  | taking damage. [potion of mutation]
 53365 | Slime:5  | Gained mutation: You have large cloven feet. [potion of
                  | mutation]
 53385 | Slime:5  | Found the ring of Shadows {Umbra +Inv Stlth+}
 53390 | Slime:5  | Identified the +10 spear "Demon's Undoing" {flame, Dex+6}
 53393 | Slime:5  | Identified the +6 quick blade "Juis" {flame, *Slow Fly
                  | Will- Int+10}
 53411 | Slime:5  | 53411 ||| READING scroll of enchant armour.
 53411 | Slime:5  | 53411 ||| ENCHANTING +10 gold dragon scales.
 53426 | Slime:5  | Got a slimy rune of Zot
 53442 | Slime:5  | Identified the +7 short sword "Nuxuud" {antimagic, Str+3
                  | Int+6}
 53456 | Slime:5  | Identified the +9 short sword of World's End {flame, Dex+4}
 53465 | Slime:5  | Identified the ring "Demam" {rN+ Str+3}
 53495 | Slime:5  | Identified the +3 hand axe of the Depths {distort, Contam
                  | rElec rC+ Dex+6}
 53792 | Slime:5  | 53792 ||| PLANNING THE SHINING ONE WORSHIP
 53792 | Slime:5  | 53792 ||| SWAPPING to +9 vampiric broad axe.
 53793 | Slime:5  | 53793 ||| DROPPING +7 hand axe "Hatixt" {spect, rCorr}.
 53794 | Slime:5  | 53794 ||| DROPPING +9 scales of the Dragon King {rPois rF+
                  | rC+ Will+}.
 53795 | Slime:5  | 53795 ||| UPGRADING to +1 cloak of Athiemum {rN+ Int+2
                  | SInv}.
 53805 | Slime:5  | 53805 ||| DROPPING +0 chain mail of Nakyizonn {rCorr Str-2
                  | Int+8}.
 53806 | Slime:5  | 53806 ||| UPGRADING to +0 pair of gloves of Impatience
                  | {rF++}.
 53816 | Slime:5  | 53816 ||| DROPPING scarf of repulsion.
 53817 | Slime:5  | 53817 ||| DROPPING amulet of the acrobat.
 53818 | Slime:5  | 53818 ||| DROPPING +6 ring of dexterity.
 53819 | Slime:5  | 53819 ||| DROPPING ring "Demam" {rN+ Str+3}.
 53820 | Slime:5  | 53820 ||| DROPPING ring of resist corrosion.
 53894 | Slime:3  | Reached XP level 26. HP: 190/190 MP: 30/30
 53954 | Slime:1  | 53954 ||| Stepping ~*~*~tactically~*~*~ (stealth).
 54182 | D:15     | 54182 ||| SWAPPING to +4 war axe "Ydgholosh" {spect,
                  | *Corrode Fly rElec Will+}.
 54183 | D:15     | Fell from the grace of Okawaru
 54183 | D:15     | Became a worshipper of the Shining One
 54184 | D:15     | 54184 ||| PLANNING CRYPT
 54184 | D:15     | 54184 ||| SWAPPING to +2 war axe of holy wrath.
 54333 | Crypt:1  | Entered Level 1 of the Crypt
 54397 | Crypt:1  | 54397 ||| Stepping ~*~*~tactically~*~*~ (stealth).
 54400 | Crypt:1  | 54400 ||| Stepping ~*~*~tactically~*~*~ (stealth).
 54409 | Crypt:1  | Reached * piety under the Shining One
 54502 | Crypt:1  | Reached ** piety under the Shining One
 55022 | Crypt:1  | Noticed a dread lich
 55032 | Crypt:1  | Killed a dread lich
 55185 | Crypt:1  | Reached *** piety under the Shining One
 55315 | Crypt:1  | You are sucked into a shaft and drop 1 floor!
 55331 | Crypt:2  | Reached **** piety under the Shining One
 55344 | Crypt:2  | 55344 ||| Stepping ~*~*~tactically~*~*~ (stealth).
 55395 | Crypt:2  | 55395 ||| DROPPING +0 pair of gloves of the Watchman {SInv
                  | Stlth+}.
 55396 | Crypt:2  | 55396 ||| DROPPING +0 mask of the Dragon {Will+ Slay+3
                  | SInv}.
 55564 | Crypt:1  | 55564 ||| Stepping ~*~*~tactically~*~*~ (stealth).
 55567 | Crypt:1  | 55567 ||| Stepping ~*~*~tactically~*~*~ (stealth).
 55570 | Crypt:1  | 55570 ||| Stepping ~*~*~tactically~*~*~ (hiding).
 55585 | Crypt:1  | Reached skill level 12 in Invocations
 55991 | Crypt:2  | 55991 ||| Stepping ~*~*~tactically~*~*~ (hiding).
 55997 | Crypt:2  | Reached ***** piety under the Shining One
 56099 | Crypt:2  | 56099 ||| INVOKING Summon Divine Warrior.
 56287 | Crypt:2  | 56287 ||| Stepping ~*~*~tactically~*~*~ (hiding).
 56303 | Crypt:2  | 56303 ||| Stepping ~*~*~tactically~*~*~ (cloud).
 56331 | Crypt:2  | 56331 ||| DROPPING +2 pair of boots.
 56365 | Crypt:3  | Entered Level 3 of the Crypt
 56528 | Crypt:3  | Reached ****** piety under the Shining One
 56529 | Crypt:3  | 56529 ||| INVOKING Brand Weapon With Holy Wrath.
 56529 | Crypt:3  | Identified a +9 broad axe of holy wrath (a +9 vampiric
                  | broad axe blessed by the Shining One)
 56529 | Crypt:3  | Received a gift from the Shining One
 56530 | Crypt:3  | 56530 ||| SWAPPING to +9 broad axe of holy wrath.
 56531 | Crypt:3  | 56531 ||| DROPPING +2 war axe of holy wrath.
 56532 | Crypt:3  | 56532 ||| DROPPING +4 broad axe of freezing.
 56533 | Crypt:3  | 56533 ||| DROPPING +4 war axe "Ydgholosh" {spect, *Corrode
                  | Fly rElec Will+}.
 56706 | Crypt:3  | 56706 ||| Stepping ~*~*~tactically~*~*~ (hiding).
 56820 | Crypt:3  | 56820 ||| Stepping ~*~*~tactically~*~*~ (stealth).
 56839 | Crypt:3  | Reached skill level 15 in Invocations
 56846 | Crypt:3  | 56846 ||| Stepping ~*~*~tactically~*~*~ (hiding).
 56850 | Crypt:3  | 56850 ||| Stepping ~*~*~tactically~*~*~ (hiding).
 56926 | Crypt:3  | 56926 ||| INVOKING Summon Divine Warrior.
 56926 | Crypt:3  | HP: 47/190 [frost giant/+1 battleaxe of freezing[the fury
                  | of Okawaru] (3)]
 56927 | Crypt:3  | 56927 ||| READING 13 scrolls of teleportation.
 56927 | Crypt:3  | Slain by a titan

Levels and vault maps discovered:
D:1:      spicycebolla_arrival_clurvy, layout_basic, serial_shops, shop,
          dreamdust_princess_corridor
D:2:      kennysheep_big_flooded_room, layout_rooms, basic_altar
D:3:      layout_loops_corners, serial_shops, nicolae_shop_just_a_little_nook,
          uniq_ijyb, uniq_terence
D:4:      layout_loops_corners, minmay_temple_entry_mini_moons
D:5:      layout_loops_ring, serial_bayou, serial_bayou_crossing,
          serial_bayou_shore_a, serial_bayou_pond_b, serial_bayou_pond_c,
          uniq_menkaure, uniq_eustachio
D:6:      layout_layer_cave, serial_bayou_pond_e, uniq_grinder,
          uniq_crazy_yiuf_cottage
D:7:      layout_basic, general_overflow_altar
D:8:      layout_gridville, nicolae_overflow_squiral, serial_shops,
          nicolae_shop_tiny_glass
D:9:      layout_stronghold, mainiacjoe_overflow_catwalk_spiral,
          minmay_misc_feat_room, minivault_19
D:10:     layout_big_octagon, david_orc_2, enter_bailey_2, abandoned_shop,
          minmay_door_square, minivault_16, uniq_snorg
D:11:     minmay_statue_hallways, layout_loops_ring, serial_shops, shop
D:12:     layout_irregular_city, hive_lemuel
D:13:     layout_cave_pools, enter_trove_3, grunt_decor_fettered
D:14:     layout_small_grid, hangedman_vaults_entry_quadrant_bands,
          gauntlet_entry_generic, minmay_misc_feat_diagonals
D:15:     grunt_enter_depths_snipers, layout_basic, tso_altar
Temple:   hellmonk_temple_divided_pantheon
Lair:1:   layout_regular_city, minmay_shattered_shrine
Lair:2:   layout_big_grid, spider_nest_entry_rubble
Lair:3:   layout_cave_pods, elwin_shoals_entry_rocks, serial_bayou_lake_a
Lair:4:   layout_gridlike, minmay_slime_entry_pillars,
          grunt_forest_stairs_basic, hangedman_lair_unloving_vines,
          cheibrodos_lair_reptile_den
Lair:5:   evilmike_catoblepas_cave, layout_cave_shapes, grunt_megastairs_1,
          infiniplex_staircase_pool_2
Shoals:1: layout_shoals, serial_shops, nicolae_shop_tiny_glass,
          nicolae_shoals_lost_giant_hut
Shoals:2: layout_shoals, nicolae_shoals_cliffside_cave
Shoals:3: layout_shoals, uniq_ilsuiw, uniq_kirke
Shoals:4: shoals_end_simple, layout_shoals, shoals_ilsuiw_alternative,
          uniq_polyphemus
Spider:1: gammafunk_sealed_arena, special_room
Spider:2: layout_spider_delve, nicolae_spider_swamp_cousins
Spider:3: layout_chambers, nicolae_crawler_farm, uniq_arachne, uniq_agnes,
          uniq_aizul
Spider:4: hellmonk_spider_rune_endless_swarm, special_room,
          nicolae_spider_solar_radiation, uniq_asterion
Slime:1:  nicolae_slime_jelly_donut, layout_caves, nicolae_slime_phagocytosis
Slime:2:  layout_caves
Slime:3:  layout_caves
Slime:4:  layout_caves
Slime:5
Orc:1:    layout_diamond_mine
Orc:2:    grunt_orc_cross, layout_caves
Vaults:1: nicolae_vaults_storage_room_water, v_misc_24, v_pattern_5,
          nicolae_vaults_border_crossing, nicolae_vaults_circle_grid_a,
          nicolae_vaults_wine_cellar, nicolae_vaults_house_3,
          nicolae_vaults_rhombus_6, vaults_dpeg_diagonal,
          nicolae_vaults_little_ls, layout_vaults_omnigrid
Vaults:2: portal_desolation_entry_nicolae_slug, blue_anna_dwarven_crypt,
          nicolae_vaults_tetromino_T_1, nicolae_vaults_storage_closets_1,
          nicolae_vaults_little_squares_3,
          nicolae_vaults_windows_and_doors_thing, nicolae_vaults_ninety_degrees,
          nicolae_vaults_tetromino_T_1, nicolae_vaults_shipping_containers_5,
          nicolae_vaults_closet_pinwheel_1, nicolae_vaults_two_Ls,
          layout_vaults_big_room, uniq_saint_roka, uniq_zenata
Vaults:3: v_misc_25, dpeg_vaults_monster_box, ontoclasm_vaults_shuriken,
          vaults_dpeg_cross, hangedman_vaults_corner_blocks,
          nicolae_vaults_twisting_passages, hangedman_vaults_impose,
          nicolae_vaults_house_3, nicolae_vaults_tetromino_Z_1,
          nicolae_vaults_diamond_2, vaults_room_mumra_shop_pool,
          nicolae_vaults_three_branches, layout_vaults_omnicross, serial_shops,
          shop
Vaults:4: hangedman_vaults_slice, vaults_room_corners, gammafunk_the_bubble
          [the_bubble_gammafunk_grid], ontoclasm_vaults_decontamination,
          nicolae_vaults_shelves_hall, ontoclasm_vaults_hangar,
          grunt_vaults_hallway_long, v_misc_16, nicolae_vaults_two_Ls,
          v_misc_24, v_misc_18, vaults_dpeg_spiral, vaults_dpeg_ring,
          nicolae_vaults_house_1, layout_vaults_maze_snakey, serial_shops,
          nicolae_shop_overgrown_old_shop, uniq_boris
Vaults:5
Crypt:1:  layout_catacombs
Crypt:2:  layout_rooms
Crypt:3:  due_elkab, layout_chaotic_city, nicolae_tomb_entry_rubble_hallway,
          uniq_xtahua
Depths:1: layout_twisted_cross, dreamdust_wishing_well, rand_demon_pan_entry_8,
          pf_coc_iceberg, minmay_fractal_squares_diagonal_5, uniq_enchantress
Depths:2: minmay_three_patterns, layout_gridlike, hell_entry,
          minmay_misc_feat_enclosed, rand_demon_pan_entry_4, uniq_grunn
Depths:3: minmay_glassy_protrusions, layout_gridlike, hellmouth_2,
          rand_demon_pan_entry_3, fedhas_altar_1, hangedman_abyss_entry_splay,
          nrook_mini_backslash, elyvilon_altar_3, uniq_sojobo, uniq_parghit,
          uniq_frederick
Depths:4: grunt_zot_entry_pinwheel, layout_gridville, enter_ziggurat_c,
          hell_entry, hangedman_abyss_or_decor_passed, serial_rivers,
          chequers_serial_rivers_small_3, chequers_serial_rivers_large_a,
          chequers_serial_rivers_small_3, chequers_serial_rivers_micro_c,
          chequers_serial_rivers_micro_a, chequers_serial_rivers_room_b
Zot:1:    hellmonk_paralyzer, layout_onion_interference
Zot:2:    layout_misc_corridors, st_stairs_8, uniq_josephina
Zot:3:    layout_cathedral_of_symmetry, lemuel_flame_loot_1
Zot:4:    dreamdust_black_sun_cult, layout_misc_corridors, grunt_megastairs_2

Skill      XL: |  1  2  3  4  5  6  7  8  9 10 11 12 13 14 15 16 17 18 19 20 21 22 23 24 25 26 |
---------------+-------------------------------------------------------------------------------+-----
Axes           | 2 3 4 5 12 13 15 16 18 | 18.0
Fighting       | 4 5 6 7 9 10 12 13 15 16 17 19 20 22 23 26 | 26.2
Dodging        | 1 3 4 5 6 7 8 9 |  9.0
Armour         | 4 6 9 10 11 12 14 15 19 20 21 22 | 22.0
Invocations    | 2 4 5 8 10 15 | 15.2
Throwing       | 1 4 5 7 8 9 10 11 12 13 14 | 14.0
Shields        | 4 6 9 10 11 12 13 14 15 19 20 21 22 | 22.0

Action                     |  1- 3 |  4- 6 |  7- 9 | 10-12 | 13-15 | 16-18 | 19-21 | 22-24 | 25-27 || total
---------------------------+-------+-------+-------+-------+-------+-------+-------+-------+-------++-------
  Melee: War axe           |   117 |   114 |   262 |   331 |       |       |       |       |   321 ||  1145
         Broad axe         |       |       |       |    72 |  1010 |  1584 |  1589 |  1421 |   579 ||  6255
         Morningstar       |       |       |       |    18 |       |       |       |       |       ||    18
         Hand axe          |       |       |       |       |    27 |    19 |       |       |   332 ||   378
  Throw: Boomerang         |    11 |    54 |    41 |    92 |    82 |    97 |    11 |       |    29 ||   417
         Javelin           |       |       |       |       |   142 |   164 |   105 |   132 |   159 ||   702
 Invoke: Heroism           |       |       |    11 |    21 |    39 |    34 |    24 |    31 |    11 ||   171
         Finesse           |       |       |       |     3 |    10 |     7 |    15 |     7 |     4 ||    46
         Summon Divine War |       |       |       |       |       |       |       |       |     2 ||     2
         Brand Weapon With |       |       |       |       |       |       |       |       |     1 ||     1
    Use: Potion            |     2 |     1 |     1 |     5 |       |     7 |     1 |     1 |    19 ||    37
         Scroll            |     1 |     7 |     8 |     8 |    12 |    13 |     2 |     6 |     5 ||    62
   Stab: Distracted        |       |       |       |     4 |       |       |       |     1 |     7 ||    12
         Confused          |       |       |       |       |       |       |       |       |     1 ||     1
 Armour: Scale mail        |    82 |    82 |       |       |    43 |       |       |       |       ||   207
         Chain mail        |       |       |    14 |       |       |       |       |       |       ||    14
         Plate armour      |       |       |    77 |   225 |   343 |   835 |   269 |       |       ||  1749
         Gold dragon scale |       |       |       |       |       |       |   289 |   777 |   476 ||  1542
  Dodge: Dodged            |    47 |    33 |    90 |   213 |   405 |   779 |   410 |   637 |   483 ||  3097
         Repelled          |       |       |       |       |     3 |    16 |       |       |    11 ||    30
  Block: Buckler           |    25 |    19 |    37 |     8 |       |       |       |       |       ||    89
         Kite shield       |       |       |       |   199 |   530 |   896 |       |       |       ||  1625
         Tower shield      |       |       |       |       |       |    21 |  1118 |  1441 |  1011 ||  3591

Table legend:
 A = Non-vault XP
 B = Vault XP
 C = Vault XP percentage of total XP
 D = Non-vault monster count
 E = Vault monster count
 F = Vault count percentage of total count
                 A         B        C        D         E       F
            +---------+---------+-------+---------+---------+-------
      Total |  681365 |  513970 |  43.0 |    1351 |     639 |  32.1
            +---------+---------+-------+---------+---------+-------
        D:1 |      64 |       0 |   0.0 |      34 |       0 |   0.0
        D:2 |      50 |       3 |   5.7 |      18 |       2 |  10.0
        D:3 |     144 |      67 |  31.8 |      29 |       2 |   6.5
        D:4 |     253 |       0 |   0.0 |      12 |       0 |   0.0
        D:5 |     828 |     367 |  30.7 |      14 |       2 |  12.5
        D:6 |     970 |     281 |  22.5 |      23 |       1 |   4.2
        D:7 |    1330 |       0 |   0.0 |      18 |       0 |   0.0
        D:8 |    1802 |       0 |   0.0 |      19 |       0 |   0.0
        D:9 |    1360 |       0 |   0.0 |      33 |       0 |   0.0
       D:10 |    3784 |    1590 |  29.6 |      28 |       7 |  20.0
       D:11 |    4704 |     662 |  12.3 |      27 |       1 |   3.6
       D:12 |    6108 |       0 |   0.0 |      18 |       0 |   0.0
       D:13 |    6464 |       0 |   0.0 |      24 |       0 |   0.0
       D:14 |    4521 |    5590 |  55.3 |      13 |      18 |  58.1
       D:15 |   10330 |    2703 |  20.7 |      25 |       3 |  10.7
     Lair:1 |    5551 |    4340 |  43.9 |      22 |      14 |  38.9
     Lair:2 |   11122 |     542 |   4.6 |      23 |       1 |   4.2
     Lair:3 |    5022 |       0 |   0.0 |      22 |       0 |   0.0
     Lair:4 |   11988 |     912 |   7.1 |      32 |      11 |  25.6
     Lair:5 |    5903 |   13672 |  69.8 |      18 |      32 |  64.0
   Shoals:1 |   11510 |       0 |   0.0 |      22 |       0 |   0.0
   Shoals:2 |    9954 |       0 |   0.0 |      20 |       0 |   0.0
   Shoals:3 |   21177 |    5216 |  19.8 |      45 |       9 |  16.7
   Shoals:4 |    2730 |   31820 |  92.1 |       8 |      50 |  86.2
   Spider:1 |    8924 |       0 |   0.0 |      28 |       0 |   0.0
   Spider:2 |   16642 |    4284 |  20.5 |      49 |      15 |  23.4
   Spider:3 |   21183 |    9407 |  30.8 |      52 |       9 |  14.8
   Spider:4 |   12044 |   25406 |  67.8 |      21 |      47 |  69.1
    Slime:1 |    7380 |     500 |   6.3 |      13 |       2 |  13.3
    Slime:2 |    1118 |       0 |   0.0 |       1 |       0 |   0.0
    Slime:3 |    4708 |       0 |   0.0 |       8 |       0 |   0.0
    Slime:4 |    5197 |       0 |   0.0 |       7 |       0 |   0.0
    Slime:5 |   12467 |   25913 |  67.5 |      22 |      18 |  45.0
      Orc:1 |    4721 |       0 |   0.0 |      36 |       0 |   0.0
      Orc:2 |    2119 |    6885 |  76.5 |      25 |      32 |  56.1
   Vaults:1 |   23246 |   11298 |  32.7 |      42 |      13 |  23.6
   Vaults:2 |   26728 |   24850 |  48.2 |      37 |      36 |  49.3
   Vaults:3 |   29156 |   10494 |  26.5 |      39 |      15 |  27.8
   Vaults:4 |   25585 |   23865 |  48.3 |      32 |      25 |  43.9
   Vaults:5 |   29280 |  106053 |  78.4 |      46 |      86 |  65.2
    Crypt:1 |   21649 |       0 |   0.0 |      33 |       0 |   0.0
    Crypt:2 |   16194 |       0 |   0.0 |      27 |       0 |   0.0
    Crypt:3 |   18303 |   32605 |  64.0 |      27 |      52 |  65.8
   Depths:1 |   37053 |   17025 |  31.5 |      42 |      21 |  33.3
   Depths:2 |   36240 |   34547 |  48.8 |      35 |      23 |  39.7
   Depths:3 |   25506 |   29561 |  53.7 |      30 |      23 |  43.4
   Depths:4 |   27997 |   19072 |  40.5 |      26 |      16 |  38.1
      Zot:1 |   32562 |   26163 |  44.6 |      26 |      14 |  35.0
      Zot:2 |   55922 |    7182 |  11.4 |      48 |       8 |  14.3
      Zot:3 |   23856 |       0 |   0.0 |      21 |       0 |   0.0
      Zot:4 |   25545 |   22988 |  47.4 |      24 |      16 |  40.0
    Abyss:3 |    2371 |    5167 |  68.5 |       7 |      10 |  58.8
   Gauntlet |       0 |    2940 | 100.0 |       0 |       5 | 100.0
            +---------+---------+-------+---------+---------+-------
